Workbook

Sheet  Компл.план (Информацию заполни
B2: План реализации Государственной программы «Социальная защита семьи и детей» на период 2017-2020 годов
A3: N п/п | B3: Наименование подпрограммы <*>, контрольного события государственной программы | C3: Ответственный исполнитель <**> | D3: Срок наступления контрольного события (дата) | P3: Информация об исполнении плана реализации
D4: 2018 год | H4: 2019 год | L4: 2020 год
D5: I кв. | E5: II кв. | F5: III кв. | G5: IV кв. | H5: I кв. | I5: II кв. | J5: III кв. | K5: IV кв. | L5: I кв. | M5: II кв. | N5: III кв. | O5: IV кв.
A6: 1. | B6: Подпрограмма 1 «Дети Тувы»:
A7: 1.1. | B7: Проведение мероприятий направленных на сплочение семьи и формирование совместного досуга как основа семейных ценностей | C7: Иргит А.М. – начальник отдела по работе с семьей и детьми | L7: 3 марта | P7: В соответствии с планом мероприятий, запланированных на проведение в 2020 году в соответствии с подпрограммой "Дети Тувы", утвержденного приказом Минтруда РТ от 11.03.2020 г. №114 в рамках данного пункта проведены мероприятия в рамках государственных и профессиональных праздников, знаменательных и юбилейных дат на 2020 год. В рамках празднования Международного дня детского телефона доверия в нашей республике проведен республиканский конкурс-селфи «Детский телефон доверия в лицах» для детей и подростков в возрасте от 7 до 17 лет (не достигшие 18 лет) в сообществе «Детский телефон доверия РТ» социальной сети Вконтакте. В конкурсе приняли 49 детей и подростков со всех уголков Республики Тыва. По итогам голосования I место заняла Кускен-оол Инга,14л., учащаяся 8 класса МБОУ СОШ с Мугур-Аксы Монгун-Тайгинского кожууна, набравшая 1330 отметок «Мне нравится», II место - Монгуш Элбек, 11л., учащийся 6 класса, МБОУ СОШ с. Алдан-Маадыр Сут-Хольского кожууна, набравший 1216 отметок, III место - Монгуш Ассэль, 8л., учащаяся 1 класса МБОУ СОШ № 1 г. Шагонар, набравшая 708. Победители награждены дипломами и сотовыми телефонами.Во исполнение п. 42 плана мероприятий утвержденной распоряжением Правительства Республики Тыва от 22 января 2020 г. № 19-р, посвященных Международному женскому дню в Республике Тыва утвержденного первым заместителем Председателя Правительства Республики Тыва Ш.Х. Хопуя от 06 февраля 2020 года, п. 7 приказа Министерства труда и социальной политики Республики Тыва «Об организации мероприятий , посвященных празднованию Международного женского дня в 2020 году в подведомственных учреждениях» от 26 февраля 2020 года организовано широкомасштабное информирование населения о мерах поддержки семей с детьми в 2020 годуРаспространено более 4226 экземпляров буклетов (Чеди-Хольский- 143 буклетов, Овюрский- 134, Тандынский-215, Бай-Тайгинский-210, Чаа-Хольский - 495, г. Кызыл- 45, Сут-Хольский-112, Дзун-Хемчикский – 93, Барун-Хемчикский - 275, Ак-Довурак-120, Каа-Хемский-685, Тоджинский- 603, Улуг-Хемский-78, Эрзинский-874, Тес-Хемский-72, Кызылский-72)., республиканская акция «Ветеран рядом». 2) Кулинарный конкурс «Холу чемзиг ававыс…» среди женщин, состоящих на профилактических учетах (6-8 марта), положение конкурса об организации и проведения направлены в подведомственные учреждения Минтруда. Во всех подведомственных учреждениях мероприятие проведено с участием женщин состоящих на учетах Центров. Всего охвачено 280 женщин.4) Республиканская акция «Позвони маме (бабушке, тете, сестре)» Центрами изготовлены и розданы более 1800 буклетов. Охвачено более 2135 человек. 5) Организация совместных рейдовых мероприятий и медико-социальных патронажей Всего с 2 по 9 марта по республике проведено 1578 социальных патронажей из них беременных женщин 72, детей до 1 года 177 и другие мероприятия.
A8: 1.2. | B8: Проведение республиканского конкурса среди семей, находящихся в трудной жизненной ситуации (Международный день семьи) | M8: 15 мая | P8: В рамках данного мероприятия проведен заочный региональный этап Всероссийского конкурса "Семья года" в 2020 году. В соответствии с Положением регионального этапа конкурса «Семья года-2020» с каждого муниципального образования поступило портфолио семей-конкурсантов в пяти номинациях: «Многодетная семья», «Молодая семья», «Сельская семья», «Золотая семья России», «Семья – хранитель традиций». Состоялось заседание оргкомитета по определению победителей регионального этапа Всероссийского конкурса «Семья года» в 2020 году, который проводится в рамках празднования Международного дня семьи. В Республике Тыва в финал регионального этапа Всероссийского конкурса «Семья года-2020» вышли 46 семей. Победителями признаны 17 семей, в том числе в номинации «Сельская семья»: 1 место - семья Михаила Антоновича и Риммы Алексеевны Бабушкиных из Тоджинского района; 2 место – семья Оруй-оола Кыргысовича и Зоя Монгушевны Маадыр-оол из Овюрского района; 2 место – семья Шолбана Викторовича и Шолбанмаа Шолбановны Дамдын из Чеди-Хольского района; 3 место – семья Май-оола Бойдуевича и Долааны Кошкар-ооловны Монгуш из Дзун-Хемчикского района. в номинации «Молодая семья»: 1 место - семья Начына Романовича и Ариджей Вениаминовны Дугер из г.Кызыла; 2 место – Адыгжы Адар-ооловича и Белекмаа Валентиновны Монгуш из Дзун-Хемчикского района; 3 место – Валерия Валериевича и Хорагай Сергеевны Ооржак из г.Ак-Довурак; 3 место – Айдына Чал-ооловича и Айыраа Айдыс-ооловны Тюлюш из Овюрского района. в номинации «Многодетная семья»: 1 место – семья Эмира Кызыл-ооловича и Марианны Шыдыраевны Хертек из Бай-Тайгинского района; 2 место – Хертек Орлан Киим-оолович и Лада Валерьевна из г.Кызыла; 3 место – Чурук Байлак Биче-оолович и Лариса Викторовна из г.Кызыла. в номинации «Семья – хранитель традиций»: 1 место – семья Кара-Сал Альберта Суге-Маадыровича и Долааны Доржуевны из Дзун-Хемчикского района; 2 место – Чульдум Эрес Сергеевич и Лариса Ивановна из Улуг-Хемского района; 3 место – Сат Саян Иванович и Жудоева Зинагуль Акылбековна из Пий-Хемского района. в номинации «Золотая семья России»: 1 место – семья Семена Чизенмеевича и Раисы Хапый-ооловны Оюн из Тандинского района; 2 место – Амырта Биче-оол Анинович и Ираида Павловна из Кызылского района; 3 место – Монгуш Демир-оол Лотанович и Надежда Монгушовна из Кызылского района. Победители регионального этапа в номинациях «Сельская семья», «Молодая семья», «Многодетная семья», «Золотая семья России» и «Семья – хранитель традиций» приняли участие во Всероссийском этапе конкурса «Семья года». На итоговом заседании Организационного комитета Всероссийского конкурса «Семья года», который проводят Фонд поддержки детей и Минтруд России, определило победителей в основных конкурсных номинациях 2020 года. Семья Хертек Эмира Кызыл-ооловича и Мариана Шыдыраевны из Бай-Тайгинского района стала победителем в номинации «Многодетная семья».
A9: 1.3. | B9: Проведение мероприятий посвященных, на повышение социального статуса, роли и значимости здоровой семьи,семейного человека в обществе | M9: 25 мая | O9: 23 ноября | P9: мероприятие не проведено в связи с эпидситуацией
P10: Минтрудом организованы мероприятия, приуроченные Дню отца и матери. 27 ноября 2020 года Министерством труда и социальной политики РТ совместно с общественными организациями организован круглый стол, приуроченный Дню матери на тему «Современная семья: реалии и перспективы. Роль матери в воспитании ребенка» с участием заместителя Председателя Правительства Республики Тыва Саиды Сенгии. Всего приняло участие 13 человек, через видеоконференцсвязь присутствовало более 65 человек. Также в рамках Дня матери организовано награждение победителей и учатсников регионального этапа Всероссийского конкурса "Семья года 2020".
A11: 1.4. | B11: Организация и проведение социально-значимых мероприятий, направленных на поддержку семьи и детей, ценностей и традиций (организация праздника для детей, проживающих на ЛДО, ПДО г.Кызыла, организация республиканского конкурса «День семьи любви и верности»)) | E11: 1 июня | F11: 6 июля | I11: 1 июня | J11: 5 июля | M11: 1июня | N11: 8 июля | P11: Подведомственными учреждениями Минтруда проведено 15 (заочных) культурно-массовых и 3 социально-профилактических мероприятий, с общим охватом 1490 человек из них 540 взрослых и 950 детей. Несмотря на сложную ситуацию в связи, возникшей с новой коронавирусной инфекцией COVID-19 прошли благотворительные акции «Поможем детям вместе» и «Подари сладость детям» во всех Центрах социальной помощи семье и детям совместно с представителями муниципальных образований республики. Организованы онлайн-книжные выставки во всех Центрах совместно с кожуунными библиотеками, с трансляцией мастер-классов для детей и взрослых: «Детская открытка в аппликациях»; «Роспись матрёшки по заготовке» с привлечением детей и семей, находящихся на социальном обслуживании. В рамках благотворительной акции «Поможем детям вместе» заместитель министра труда и социальной политики Республики Тыва Дудуп Ч.М. оказала помощь 56 детям из двенадцати многодетных малоимущих семей, находящихся на социальном сопровождении в ГБУ РТ «ЦСПСиД г.Кызыл» в виде продуктового набора. Семьи проживают на левобережных и правобережных дачных обществах. Также в рамках акции несовершеннолетнему Тулуш Ч-Б.Ч. из многодетной малообеспеченной семьи, который находился в ЦКБ Пий-Хемского района, подарили телефон со сладким подарком. Советом молодых специалистов при Министерстве труда и социальной политики Республики Тыва в рамках акции «Подари радость детям» осуществлены выезды на территорию левобережных и правобережных дачных обществах с целью поздравления детей, охвачено 30 детей, которым вручены сладкие подарки. Также Министерством труда и социальной политики оказанная помощь на сумму 31000 рублей.
A12: 1.5. | B12: Организация детской новогодней елки Главы Республики Тыва (Елка Главы Республики Тыва в 2020г., Кремлевская Елка в 2020 году) | G12: 15 и 25 декабря | K12: 15 и 25 декабря | O12: 15 и 25 декабря | P12: Издано распоряжение Правительства Республики Тыва от 26.11.2020 года №518-р "О создании организационного комитета по подготовке и проведению детской новогодней елки Главы Республики Тыва в 2020 году". Мероприятия прошли в очно-дистанционном формате. 25 декабря, в 11:00 на кабельном телевидении (21 кнопка) маленькие зрители смотрели новогоднее представление «Подарок для принцессы». Новогодний праздник был организован на базе школ и домов культуры в муниципальных образованиях, с соблюдением всех мер безопасности. 650 детей, проявившие себя в различных сферах деятельности в 2020 году, из числа отличников учебы, победителей конкурсов и олимпиад, детей из социально незащищенных семей получили сладкие подарки и новогодние открытки от имени Главы Республики Тыва. Перед началом представления всех маленьких жителей республики от имени Главы Республики Тыва поздравила с наступающим Новым годом заместитель Председателя Правительства Республики Тыва Саида Хертековна Сенгии
A13: 1.6. | B13: Направление детей, находящихся в ТЖС, для участия во всероссийских и в региональных фестивалях, спартакиадах, конкурсах (поддержка одаренных детей, проживающих в малообеспеченных и крайнебедных семьях, направляемых для участия во всероссийских региональных конкурсах, фестивалях, соревнованиях) | L13: 20 мая | P13: Заявок не поступало.
A14: 1.7. | B14: Организация и проведение обучающего инструктажа для организаторов детских оздоровительных лагерей, созданных на базе учреждений социального обслуживания семьи и детей (Школа вожатых) | O14: 15 августа | P14: В связи с эпидситуацией мероприятие не проведено
A15: 2. | B15: Подпрограмма 2 «Организация отдыха и оздоровления детей и подростков, находящихся в трудной жизненной ситуации на 2017-2020 годы» : | P15: В соответствии с приказом Министерства труда и социальной политики Республики Тыва от 06 января 2019 года №775 «Об организации отдыха и оздоровления детей в период зимних каникул» со 02 по 06 января 2020 года в 17 лагерях дневного пребывания, организованных на базе учреждений социальной помощи семье и детям фактически отдохнули 625 детей (АППГ-625). Отделом ресурсного, методического и информационного обеспечения ГБУ РТ «Республиканского центра социальной поддержки семьи и детей» разработана модельная программа профориентационной смены «Я-Лидер!», также разработаны презентации «Лидер и его качества», «Лидерство». Целью программы является создание условий для развития творческого потенциала и активной жизненной позиции детей, для полноценного отдыха, оздоровления детей, содействие формированию ключевых компетенций воспитанников на основе включения их в разнообразную, общественно значимую и личностно привлекательную деятельность, содержательное общение и межличностные отношения в разновозрастном коллективе. В период зимних каникул в лагерях дневного пребывания прошли оздоровление 625 детей, из них: мальчиков-301, девочек- 324. По категориям: - детей состоящих на профилактических учетах- 5, в ОПДН-4 (Каа-Хемский-2, Чеди-Хольский-2), ВШУ – 1 (Монгун-Тайгинский). Охват детей, состоящих на профилактических учетах не обеспечены 14 кожуунами. - дети-сироты-12; - дети, оставшиеся без попечения родителей – 4; - дети-инвалиды-0; -дети с ОВЗ -0; -дети с отклонениями в поведении -0; -дети из семей находящихся в социально-опасном положении – 10; - дети из приемных семей- 13; - дети из крайне-бедных семей- 13. - дети из малоимущих семей - 335; - детей из многодетных семей- 338; - детей безработных- 107; - детей из неполных семей -106. В летний период Министерством по утвержденному реестру детских оздоровительных лагерей Республики Тыва организован летний отдых в детском оздоровительном лагере «Байлак» с общим охватом 116 ребенка (50 % охвата детей от проектной мощности лагерей) с 05 августа по 25 августа 2020 года. В соответствии с приказом Министерства труда и социальной политики Республики Тыва от 17.06.2020 года №278 «О распределении путевок в детский оздоровительный лагерь» «Байлак» путевки на 116 мест распределены среди 18 муниципальных образований, КДН и ЗП г. Кызыла, ООД ПДН МВД РТ. В г. Кызыле -21 путевка, в остальных муниципальных образованиях по 5 путевок, КДН и ЗП г. Кызыла – 5 путевок, ООД ПДН МВД РТ – 5 путевок. По итогам летней оздоровительной кампании 2020 года план по охвату детей выполнен полностью.
A16: 2.1. | B16: Приобретение путевок | C16: Тулуш О.М. – начальник отдела экономики, прогнозирования, государственных закупок и методологии | D16: - | E16: с 15 июня | F16: по 20 августа | G16: - | H16: - | I16: с 15 июня | J16: по 20 августа | K16: - | L16: - | M16: с 15 июня | N16: по 20 августа | O16: - | P16: Были предусмотрены финансовые средства на приобретение 1069 путевок в загородные лагеря предусмотрены 12 096,0 тыс. рублей для детей, находящихся в трудной жизненной ситуации и на отдых детей-сирот и детей, оставшихся без попечения родителей в ГБОУ РТ «Детский Дом». Министерством финансов Республики Тыва предусмотренные денежные средства в общей сумме 12 096,0 тыс. рублей секвестированы по ст. 241.63.01 «приобретение путевок».
A17: 2.2. | B17: Приобретение продуктов питания | C17: Тулуш О.М. – начальник отдела экономики, прогнозирования, государственных закупок и методологии | D17: - | E17: с 15 июня | F17: по 20 августа | G17: - | H17: - | I17: с 15 июня | J17: по 20 августа | K17: - | L17: - | M17: с 15 июня | N17: по 20 августа | O17: - | P17: Исполнено. Приобретены продукты питания для 116 детей.
A18: 2.3. | B18: Перевозка детей к месту отдыха и обратно | C18: Тулуш О.М. – начальник отдела экономики, прогнозирования, государственных закупок и методологии | D18: - | E18: с 15 июня | F18: по 21 августа | G18: - | H18: - | I18: с 15 июня | J18: по 21 августа | K18: - | L18: - | M18: с 15 июня | N18: по 21 августа | P18: Исполнено. Заключен договор с МУП "Кызылгортранс" по перевозке 116 детей, туда и обратно
A19: 2.4. | B19: Содержание лагерей | C19: Тулуш О.М. – начальник отдела экономики, прогнозирования, государственных закупок и методологии | D19: - | F19: с 1 апреля | G19: по 31 августа | J19: с 1 апреля | K19: по 31 августа | M19: с 1 апреля | N19: по 31 августа | P19: В летний период Министерством по утвержденному реестру детских оздоровительных лагерей Республики Тыва организован летний отдых в детском оздоровительном лагере «Байлак» с общим охватом 116 ребенка (50 % охвата детей от проектной мощности лагерей) с 05 августа по 25 августа 2020 года.
B20: Подпрограмма 3 «Социальная защита отдельных категорий граждан и семей с детьми Республики Тыва на 2017-2020 годы»
A21: 3.1. | B21: Выплата социальных выплат: | C21: Чарбуу А.С.-начальник отдела социальных выплат
A22: 3.1.1. | B22: Выплата пособие на ребенка от 0 до 16 (18) лет | D22: до 26 числа месяца | E22: до 26 числа месяца | F22: до 26 числа месяца | G22: до 26 числа месяца | H22: до 26 числа месяца | I22: до 26 числа месяца | J22: до 26 числа месяца | K22: до 26 числа месяца | L22: до 26 числа месяца | M22: до 26 числа месяца | N22: до 26 числа месяца | O22: до 26 числа месяца | P22: ='отчет на 01.01.2021'!Q41 -> На 01.01.2021 г. профинансировано- 169192,37 тыс. руб. Кассовый расход составлял-169192,37 тыс. руб. Выплачено получателям 28 541, в них детей 55 507. г. Кызыл план-31 002,6 т.р., факт- 30912,6 т.р., г. Ак-Довурак план-8 208,5 т.р., факт- 8169,35 т.р, Бай-Тайга план-7 513,6 т.р., факт-7 483,6 т.р., Барун-Хемчик план- 7 794,6 т.р., факт- 7 636,5 т.р., Дзун-Хемчик- 16 606,6 т.р., факт-16 570,5 т.р., Каа-Хем- 7 909,38 т.р., факт-7 909,38 т.р., Кызылский план- 16 045,7 т.р., факт-15 948,8 т.р., Монгун-Тайга план- 5 185,1 т.р., факт- 5 156,7 т.р., Овюр план- 4 793,1 т.р., факт-4 765,3 т.р., Пий - Хем план - 3 728,7 т.р., факт- 3 702,6 т.р., Сут-Хол план- 6 049,7 т.р., факт- 6 020,5 т.р., Танды план - 9 900,1 т.р., факт -9 883,5 т.р., Тере -Холь план- 2 463,03 т.р., факт -2 440,2 т.р., Тес-Хем план - 6 660,7 т.р., факт -6 631,8 т.р., Тоджа план - 4 403,7 т.р., факт -4 374,9 т.р., Улуг-Хем план - 15 893,7 т.р., факт -15 831,6., Чаа-Хол план - 4 174,77 т.р., факт - 4174,77 т.р., Чеди-Хол план - 6 063,35 т.р., факт - 6 042,2 т.р., Эрзин план - 5 533,28 т.р., факт -5 500,5 т.р.
A23: 3.1.2. | B23: Выплату государственных пособий лицам, не подлежащим обязательному социальному страхованию на случай временной нетрудоспособности и в связи с материнством, и лицам, уволенным в связи с ликвидацией организаций (прекращением деятельности, полномочий физическими лицами) | D23: до 26 числа месяца | E23: до 26 числа месяца | F23: до 26 числа месяца | G23: до 26 числа месяца | H23: до 26 числа месяца | I23: до 26 числа месяца | J23: до 26 числа месяца | K23: до 26 числа месяца | L23: до 26 числа месяца | M23: до 26 числа месяца | N23: до 26 числа месяца | O23: до 26 числа месяца | P23: ='отчет на 01.01.2021'!Q40 -> На 01.01.2021 г. Профинансировано 673 749,9 тыс. руб. Кассовый расход составлял на 673 749,9 тыс.руб. Остаток на счете 0 руб. (Минтруда РТ). На ежемесячную выплату средств по уходу за ребенком до 1,5 лет выплачено 7506 получателям. г. Кызыл-план- 154 680,6 т.р., факт- 148 612,3 т.р., г. Ак-Довурак план- 30 704,4 т.р., факт- 29 023,2 т.р., Бай-Тайга план- 30 634,2 т.р., факт- 30 108,3 т.р., Барун-Хемчик план- 28 219,5 т.р., факт- 27 288,2 т.р., Дзун-Хемчик план- 66 989,1 т.р., факт- 65 001,9 т.р., Каа-Хем план- 31 490,3 т.р., факт - 29 462,0 т.р., Кызылский план- 76 803,7 т.р., факт- 75 542,7 т.р., Монгун-Тайга план- 21 434,1 т.р., факт- 20 550,9 т.р., Овюр план- 19 994,8 т.р., факт- 19 595,5 т.р., Пий-Хем план- 22 186,5 т.р., факт- 20 897,6 т.р., Сут-Хол план- 22 572,5 т.р., факт- 20 523,2 т.р., Танды план- 31 218,2 т.р., факт- 29 979,9 т.р., Тере-Холь план- 8 223,1 т.р., факт- 7 550,9 т.р., Тес-Хем план- 27 147,9 т.р., факт- 26 243,4 т.р., Тоджа план- 19 176,5 т.р., факт- 18 426,4 т.р., Улуг-Хем план- 54 099,6 т.р., факт- 52 025,6 т.р., Чаа-Холь план- 19 287,7 т.р., факт- 18 549,1 т.р., Чеди-Хол план- 18 704,4 т.р., факт- 18 105,7 т.р., Эрзин план- 17 585,5 т.р., факт- 16 263,2 т.р.
A24: 3.1.3. | B24: Единовременного пособия при всех формах устройства детей, лишенных родительского попечения, в семью | D24: до 26 числа месяца | E24: до 26 числа месяца | F24: до 26 числа месяца | G24: до 26 числа месяца | H24: до 26 числа месяца | I24: до 26 числа месяца | J24: до 26 числа месяца | K24: до 26 числа месяца | L24: до 26 числа месяца | M24: до 26 числа месяца | N24: до 26 числа месяца | O24: до 26 числа месяца | P24: ='отчет на 01.01.2021'!Q45 -> На 01.01.2021 г. профинансировано 17 727,22 тыс.руб. Кассовый расход составил 17 727,22 тыс. руб. Получатели - 323, в них детей 513.
A25: 3.1.4. | B25: Единовременное пособие беременной жене военнослужащего, проходящего военную службу по призыву и ежемесячное пособие на ребенка военнослужащего, проходящего военную службу по призыву | D25: до 26 числа месяца | E25: до 26 числа месяца | F25: до 26 числа месяца | G25: до 26 числа месяца | H25: до 26 числа месяца | I25: до 26 числа месяца | J25: до 26 числа месяца | K25: до 26 числа месяца | L25: до 26 числа месяца | M25: до 26 числа месяца | N25: до 26 числа месяца | O25: до 26 числа месяца | P25: ='отчет на 01.01.2021'!Q44 -> На 01.01.2021 г. Единовременное пособие беременной жене военнослужащего - 17 получателей - 749,10 тыс руб; ежемесячное пособие на ребенка военнослужащего выдано 214 получателям; на 223 детей - 29 762,2 тыс. руб. Кассовый расход составил 27 000,00 тыс. руб. остаток на 01.01.2021 составляет 0,00 тыс. руб.
A26: 3.1.5. | B26: Вознаграждение, причитающиеся приемному родителю | D26: до 15 числа месяца | E26: до 15 числа месяца | F26: до 15 числа месяца | G26: до 15 числа месяца | H26: до 15 числа месяца | I26: до 15 числа месяца | J26: до 15 числа месяца | K26: до 15 числа месяца | L26: до 15 числа месяца | M26: до 15 числа месяца | N26: до 15 числа месяца | O26: до 15 числа месяца | P26: Исполнено на 100%
A27: 3.1.6. | B27: Ежемесячное пособие на содержание детей – сироти детей, оставшихся без попечения родителей | D27: до 15 числа месяца | E27: до 15 числа месяца | F27: до 15 числа месяца | G27: до 15 числа месяца | H27: до 15 числа месяца | I27: до 15 числа месяца | J27: до 15 числа месяца | K27: до 15 числа месяца | L27: до 15 числа месяца | M27: до 15 числа месяца | N27: до 15 числа месяца | O27: до 15 числа месяца | P27: Исполнено на 100%
A28: 3.1.7. | B28: Ежемесячное пособие в с связи с рождением (усыновлением) первого ребенка | D28: до 26 числа месяца | E28: до 26 числа месяца | F28: до 26 числа месяца | G28: до 26 числа месяца | H28: до 26 числа месяца | I28: до 26 числа месяца | J28: до 26 числа месяца | K28: до 26 числа месяца | L28: до 26 числа месяца | M28: до 26 числа месяца | N28: до 26 числа месяца | O28: до 26 числа месяца | P28: ='отчет на 01.01.2021'!Q47 -> На 01.01.2021 г. профинансировано 508 716,41 тыс. руб. На ежемесячную выплату в связи с рождением (усыновлением) первого ребенка выплачено 4216 получателям. г. Кызыл-план-134 137,60 т.р., факт-134 137,60 т.р. Ак-Довурак план-21 448,34 т.р., факт-21 398,00 т.р., Бай-Тайга план-22 697,10 т.р., факт-22 656,43 т.р., Барун-Хемчик план-20 763,4 т.р., факт-20 709,4 т.р., Дзун-Хемчик план- 41 668,9 т.р., факт-41 626,04 т.р., Каа-Хем план - 19 479,0 т.р., факт - 19 439,2 т.р., Кызылский план-54 266,24 т.р., факт- 54 243,70 т.р., Монгун-Тайга - план- 12 900,6 т.р., факт-12 843,36 т.р., Овюр план-17 100,57 т.р., факт-17 059,63 т.р., Пий-Хем план-14 443,6 т.р., факт-14 436,3 т.р., Сут-Хол план-18 334,7 т.р., факт-18 283,02 т.р., Танды план-22 456,48 т.р., факт-22 408,76 т.р., Тере-Холь план-4 578,8 т.р., факт- 4 549,29 т.р., Тес-Хем план- 18 560,16 т.р., факт-18 263,53 т.р., Тоджа план-12 628,48 т.р., факт-12 574,27 т.р., Улуг-Хем план- 34 187,2 т.р., факт-34 134,05 т.р., Чаа-Холь план-12 807,8 т.р., факт-12 783,78 т.р., Чеди-Хол план-10 810,6 т.р., факт-10 760,13 т.р., Эрзин план-16 220,44 т.р., факт-16 157,47 т.р.
A29: I. | B29: Подпрограмма 4 «О мерах по улучшению социального обслуживания семьи и детей, находящихся в трудной жизненной ситуации в Республике Тыва»:
A30: 4.1. | B30: Обеспечение деятельности подведомственных учреждений | C30: Тулуш О.М. – начальник отдела экономики, прогнозирования, государственных закупок и методологии | D30: 1-31января, | E30: 1-30апреля, 1-31мая, 1-30июня | F30: 1-31июля, 1-31августа, 1-30сентября | G30: 1-31октября, 1-30ноября, 1-31декабря | H30: 1-31января, | I30: 1-30апреля, 1-31мая, 1-30июня | J30: 1-31июля, 1-31августа, 1-30сентября | K30: 1-31октября, 1-30ноября, 1-31декабря | L30: 1-31января, | M30: 1-30апреля, 1-31мая, 1-30июня | N30: 1-31июля, 1-31августа, 1-30сентября | O30: 1-31октября, 1-30ноября, 1-31декабря | P30: На 31.12.2020 г. профинансировано 368 161,5 тыс.руб. (98,5% исполенение)
D31: 1-28февраля, 1-31марта | H31: 1-28февраля, 1-31марта | L31: 1-28февраля, 1-31марта
A32: 5. | B32: Подпрограмма 5 «Обеспечение жилыми помещениями детей-сирот, детей, оставшихся без попечения родителей по договорам найма специализированных жилых помещений»
A33: 5.1. | B33: Строительство жилых помещений для детей-сирот и детей, оставшихся без попечения родителей | C33: Монгул-оол Д.С.– сектор отдела по вопросам обеспечения жильем детей-сирот и детей, оставшихся без попечения родителей и лиц из их числа и ведения списка многодетных семей, имеющих детей-инвалидов | D33: - | E33: - | F33: - | G33: с 01 октября по 31 декабря | H33: - | I33: - | J33: - | K33: с 01 октября по 31 декабря | L33: - | M33: - | N33: - | O33: с 01 октября по 31 декабря | P33: По состоянию на 01 января 2021 г. в списке детей-сирот, нуждающихся в обеспечении жилыми помещениями, состоят 4920 чел., у 3465 право на получение жилья возникло, но не реализовано. В 2019 году было запланировано обеспечить жильем 150 детей-сирот, на указанные цели предусмотрена субсидия в размере 200,9 млн. рублей (средства ФБ-190,9 млн. руб.; РБ-10,04 млн. рублей. По итогам 2019 года финансовые средства республикой освоены полностью, жильем обеспечены 166 детей-сирот при плане 150 или исполнение от плана составило 110 %. В 2020 году планируется обеспечить жильем 500 детей-сирот. Соглашение о предоставлении субсидии на предоставление жилых помещений 485 детям-сиротам заключено 18 декабря 2019 г. На указанные цели предусмотрены финансовые средства в размере 748 496 060,61 рублей, из них средства: - федерального бюджета 741 011 100 рублей; - республиканского бюджета 7 484 960,61 рублей. Всего заключен 91 госконтракт на строительство (приобретение) 500 помещений, из них 15 за счет средств экономии по результатам проведенных торгов на общую сумму 748413,07 тыс. рублей рубль (ФБ-740 928 857,64 РБ-7 484 089,87). По состоянию на 1 января 2021 г. фактическое освоение составило 428 526,93 тыс. рублей, из них ФБ – 424 241,66 тыс. рублей, РБ – 4 285,27 тыс. рублей или 57,3 %. Причиной не освоения средств субсидии в сумме 316 687,27 тыс. руб. является позднее доведение дополнительных субсидий в октябре 2020 г. На сегодняшний день готово 185 помещений (1 этап-134 помещения, 2 этап-51), из них передано в госсобственность 86 помещений. Единовременную материальную помощь на ремонт имеющегося закрепленного жилого помещения на праве собственности получили 6 человек в общей сумме 300 тыс. рублей.

Sheet Индикаторы ок
F1: Приложение № 3
F2: к государственной программе
B4: ЦЕЛЕВЫЕ ИНДИКАТОРЫ И ПОКАЗАТЕЛИ РЕАЛИЗАЦИИ ГОСУДАРСТВЕННОЙ
A5: ПРОГРАММЫ РЕСПУБЛИКИ ТЫВА "СОЦИАЛЬНАЯ ЗАЩИТА СЕМЬИ И ДЕТЕЙ НА 2017 - 2020 ГОДЫ"
A6: № | B6: Наименование показателя | C6: Единица измерения | D6: Динамика реализации Программы | F6: Исполнение/неисполнение
D7: План на 2020г. | E7: Факт за 2020
A8: 1 | B8: Численность семей с детьми, преодолевших трудную жизненную ситуацию, посредством социального сопровождения | C8: человек | D8: 612 | E8: 1516 | F8: На социальном сопровождении за 2020 год находились 7276 семей, в них детей 23891 (АПГГ-5470 семей, в них детей 15523), в том числе: - семьи, нуждающиеся в социальной поддержке 5584, в них детей 19423 (АППГ-3702, в них 11385 детей), - семьи в трудной жизненной ситуации 1113, в них детей 2888 (АППГ-1113, в них 2450 детей) - семьи, находящиеся в социально опасном положении 579, в них детей 1580(АПГГ-655, в них 1688 детей). Увеличение количества семей связано с внедрением технологии социального контракта. В результате оказанной помощи за 2020 год в рамках деятельности Служб социального сопровождения семей с детьми снято с сопровождения 1516 семей, в том числе 151 семей, находящихся в социально опасном положении в связи с улучшением, переездом, лишением родительских прав. Им оказаны в соответствии с индивидуальными программами социального сопровождения содействие в получении медицинской помощи, социальной помощи, юридической помощи, психологической помощи.По данным центров социальной помощи семье и детям всего оказано 78864 (64267) единиц помощи, в том числе медицинской-9238, психологической-11532, педагогической-13159, юридической-165776, социальной-13762. | G8: СЕМЬЯ | H8: семья
A9: 2 | B9: Численность детей, находящихся в трудной жизненной ситуации, отдохнувших в детских оздоровительных лагерях стационарного типа | C9: детей | D9: 1895 | E9: 116 | F9: В летний период Министерством по утвержденному реестру детских оздоровительных лагерей Республики Тыва организован летний отдых в детском оздоровительном лагере «Байлак» с общим охватом 116 ребенка (50 % охвата детей от проектной мощности лагерей) с 05 августа по 25 августа 2020 года в связи с эпид ситуацией. | G9: семья | H9: семья
A10: 3 | B10: Создание рабочих мест при организации летнего отдыха в год | C10: человек | D10: 192 | E10: 32 | F10: В летний период согласно реестру организаций отдыха и оздоровления функционировал 1 ДОЛ "Байлак" в связи с эпидситуацией | G10: семья | H10: семья
A11: 4 | B11: Обеспечение социальных выплат в полном объеме | C11: процентов | D11: 100 | E11: 100 | F11: Исполнено | G11: выплаты | H11: выплата
A12: 5 | B12: Количество учреждений социального обслуживания населения, внедривших социальное сопровождение семей с детьми | C12: шт | D12: 20 | E12: 20 | F12: Исполнено. Во всех учреждениях социального обслжуивания внедрено социальное сопровождение семей с детьми. | G12: семья | H12: семья
A13: 6 | B13: Доля детей, оставшихся без попечения родителей, - всего, в том числе переданных не родственникам (в приемные семьи, на усыновление (удочерение), под опеку (попечительство), охваченных другими формами семейного устройства (семейные детские дома, патронатные семьи), находящихся в государственных (муниципальных) учреждениях всех типов | C13: процентов | D13: 0.96 | E13: 0.96 | F13: Исполнено. Доля детей, оставшихся без попечения родителей составляет 96 %. Общее количество детей-сирот и детей, оставшихся без попечения родителей 3667, из них семейное устройство -3485 чел., гос.устройство -182 чел. | G13: опека | H13: опека
A14: 7 | B14: Предоставление социального обслуживания в стационарной форме в году | C14: койко дни | D14: 66506 | E14: 66354 | F14: исполнено на 71%, в связи с эпид ситуацией | G14: отчет койко дни | H14: экономисты
A15: 8 | B15: Предоставление социального обслуживания в полустационарной форме в году | C15: дето - дни | D15: 39913 | E15: 28387 | F15: исполнено на 99,8%, в связи с эпид ситуацией | G15: отчет койко дни | H15: экономисты
A16: 9 | B16: Численность детей-сирот и детей, оставшихся без попечения родителей, лиц из числа детей-сирот и детей, оставшихся без попечения родителей, обеспеченных благоустроенными жилыми помещениями специализированного фонда по договорам найма специализированных жилых помещенийпо договорам найма специализированных жилых помещений | C16: детей | D16: 485 | E16: 13 | F16: В 2020 году в Республике Тыва предусмотрено передать в государственную собственность 485 жилых помещений, предназначенных для проживания в нем лиц из числа детей-сирот: Эрзинский-26, Овюрский -4, Сут-Хольский-10, Тоджинский-2, Чаа-Хольский-4, Улуг-Хемский-18, Бай-Тайгинский-32, Каа-Хемский-48, Тес-Хемский-40, Дзун-Хемчикский-47, Тере-Хольский-6, Чеди-Хольский-4, Пий-Хемский-20, Монгун-Тайгинский-3, Кызылский-66, Тандинский-62, г. Кызыл - 82, г. Ак-Довурак - 1, Барун-Хемчиский - 10 | G16: жилье | H16: жилье
A17: 10 | B17: Объем налоговых и неналоговых доходов консолидированного бюджета Республики Тыва в сумме налога на имущества организаций ежегодно. | C17: тыс. рублей | D17: 26530.7 | E17: 25567.081 | F17: Исполнено на 96,4% | H17: экономисты
A18: 11 | B18: Доля детей-сирот и лиц из их числа, которым предоставлены жилые помещения специализированного жилищного фонда по договорам найма специализированных жилых помещений, в общей численности детей-сирот и лиц из их числа, нуждающихся в предоставлении жилого помещения | C18: процентов | D18: 2.3 | E18: 1 | F18: В списке нуждающихся в обеспечении жилыми помещениями состоят 4920 детей-сирот, у 3465 право на получение жилого помещения возникло. | G18: жилье | H18: жилье
A19: 12 | B19: Количество детей-сирот и детей, оставшихся без попечения родителей, и лиц из их числа, которые состоят на учете на получение жилого помещения, включая лиц в возрасте от 23 лет и старше | C19: человек | D19: 4807 | E19: 4920 | F19: Исполнено. По состоянию на 01.01.2021 г. состоят на учете 4920 чел. | H19: жилье
A20: 13 | B20: Удельный вес детей, прошедших социальную реабилитацию в специальных учреждениях для несовершеннолетних, к общему числу безнадзорных и беспризорных | C20: процентов | D20: 100 | E20: 100 | F20: Исполнено. Выявлено безнадзорных и беспризорных детей, детей, находящихся в социально опасном положении-203. Все дети получили социальную реабилитацию в центрах социальной помощи семье и детям. | G20: семья | H20: семья
A21: 14 | B21: Численность приемных семей | C21: семей | D21: 117 | E21: 110 | F21: Численность приемных семей по состоянию на 01.01.2021 г. составила 110 семей, в них 490 детей. Уменьшение численности приемных семей связано в связи с тем, что освобождены от исполнения обьязаннотсей 10 приемных семей, в отношении 41 детей, отстранены от исполнения обьязаннотсей 3 родителя, в отношении 12 детей. ( из них 9 детей устроены в гос учр, 1 ребенок передан под опеку, 2 ребенка на усыновление). Из них возвращены в кровные семьи- 4, переданы в приемную семью – 9, устроены в госучреждения- 26, оформлена опека попечительство – 9; 2 ребенка переданы на усыновление,достигли 18-летия – 3. В течение 2020 года созданы 6 приемных семей, в них переданы 20 детей-сирот и детей, отсавщихся без попечения родителей. В 2020 г. по плану должны создать 3 родителя, а создано 6 приемных семей. | G21: опека | H21: опека
A22: 15 | B22: Доля детей, находящихся в трудной жизненной ситуации, получивших социальные услуги в учреждениях социального обслуживания семьи и детей, от общего количества детей, состоящих на учете в органах социальной защиты | C22: процентов | D22: 100 | E22: 100 | F22: Исполнено на 100 %. в центрах социальной помощи семье и детям республики на учете 169 детей, находящихся в трудной жизненной ситуации. Все дети получили социальную реабилитацию в центрах социальной помощи семье и детям. | G22: семья | H22: семья
A23: 16 | B23: Общее число детей-сирот и детей, оставшихся без попечения родителей по республике | C23: человек | D23: 3888 | E23: 3667 | F23: Общая численность детей-сирот и детей, оставшихся без попечения родителей в республике составляет 3667 чел. Уменьшение численности детей-сирот связано с активизацией профилактической работы в целях сохранения кровной семьи. | G23: жилье | H23: опека
A24: 17 | B24: Количество детей-сирот и детей, оставшихся без попечения родителей, устроенных в семейные формы устройства | C24: человек | D24: 3870 | E24: 3485 | F24: Общая численность детей-сирот и детей, оставшихся без попечения родителей , устроенных в семейные формы устройства составляет 3485 чел. Большинство выявленных детей-сирот устроенны в семенйые формы устройства. | G24: опека | H24: опека
A25: Указ Президента РФ от 7 мая 2018 г. № 204 "О национальных целях и стратегических задачах развития Российской Федерации на период до 2024 года"
A26: 18 | B26: Объем инвестиций в основной капитал, за исключением инвестиций инфрастуктурных монополий (федеральные проекты) и бюджетных ассигнований федерального бюджета | C26: млн. руб. | D26: 748496.06 | E26: 428 526,9 | F26: Всего предусмотрено 748 469 060,61 руб. (федеральный бюджет – 741 011 100,00 рублей, республиканский бюджет – 7 484 960,61 рублей). | H26: жилье
A27: 19 | B27: Уменьшение количества семей с доходами прожиточного уровня | C27: семей | D27: 25255 | E27: 22372 | F27: Количество семей, имеющих доходы ниже прожиточного минимума сократилось на 2883 семей | H27: выплата
F28: =D27-E27 -> 2883

Sheet отчет на 01.01.2021
Q2: Приложение № 4
Q3: к Порядку разработки, реализации и оценки
Q4: эффективности государственных программ
Q5: Республики Тыва (до 5 числа ежемес.)
A6: ИНФОРМАЦИЯ
A7: о ходе реализации государственной программы
A8: "Социальная защита семьи и детей в Республике Тыва на 2017-2020 годы"
A9: по состоянию на 01.01.2021г.
A11: Наименование мероприятия (объекта) | D11: Объемы финансирования (тыс. руб.) | Q11: Примечание
D12: всего | F12: федеральный бюджет | H12: республиканский бюджет | M12: местные бюджеты | O12: внебюджетные источники
C13: план на 01.01.2019 | D13: план | E13: факт | F13: план | G13: факт | H13: предусмотрено программой | I13: утверждено на 2020 год законом Республики Тыва о республиканском бюджете | J13: предусмотрено уточненной бюджетной росписью на отчетный период | K13: 924 | L13: исполнено (кассовые расходы) | M13: план | N13: факт | O13: план | P13: факт
A14: 1 | C14: 2 | D14: 2 | E14: 3 | F14: 4 | G14: 5 | H14: 6 | I14: 7 | J14: 8 | L14: 9 | M14: 10 | N14: 11 | O14: 12 | P14: 13 | Q14: 14
A15: Подпрограмма 1. "Дети Тыва"
A16: 1. Направление "Дети и семья" Профилактика семейного благополучия и социального сиротства
A17: 1.1. Проведение мероприятий направленных на сплочение семьи и формирование совместного досуга как основа семейных ценностей | C17: 80 | D17: 70 | E17: 0 | F17: - | G17: 0 | H17: =D17 -> 70 | I17: =D17 -> 70 | J17: =D17 -> 70 | M17: - | N17: - | P17: - | Q17: В соответствии с планом мероприятий, запланированных на проведение в 2020 году в соответствии с подпрограммой "Дети Тувы", утвержденного приказом Минтруда РТ от 11.03.2020 г. №114 в рамках данного пункта запланировано проведение мероприятий в рамках государственных и профессиональных праздников, знаменательных и юбилейных дат на 2020 год. Также проведение Международного дня детского телефона доверия 17 мая, республиканского форума приемных семей 29 октября. По состоянию на 1 апреля 2020 года во исполнение п. 42 плана мероприятий утвержденной распоряжением Правительства Республики Тыва от 22 января 2020 г. № 19-р, посвященных Международному женскому дню в Республике Тыва утвержденного первым заместителем Председателя Правительства Республики Тыва Ш.Х. Хопуя от 06 февраля 2020 года, п. 7 приказа Министерства труда и социальной политики Республики Тыва «Об организации мероприятий , посвященных празднованию Международного женского дня в 2020 году в подведомственных учреждениях» от 26 февраля 2020 года организовано широкомасштабное информирование населения о мерах поддержки семей с детьми в 2020 годуРаспространено более 4226 экземпляров буклетов (Чеди-Хольский- 143 буклетов, Овюрский- 134, Тандынский-215, Бай-Тайгинский-210, Чаа-Хольский - 495, г. Кызыл- 45, Сут-Хольский-112, Дзун-Хемчикский – 93, Барун-Хемчикский - 275, Ак-Довурак-120, Каа-Хемский-685, Тоджинский- 603, Улуг-Хемский-78, Эрзинский-874, Тес-Хемский-72, Кызылский-72)., республиканская акция «Ветеран рядом». 2) Кулинарный конкурс «Холу чемзиг ававыс…» среди женщин, состоящих на профилактических учетах (6-8 марта), положение конкурса об организации и проведения направлены в подведомственные учреждения Минтруда. Во всех подведомственных учреждениях мероприятие проведено с участием женщин состоящих на учетах Центров. Всего охвачено 280 женщин.4) Республиканская акция «Позвони маме (бабушке, тете, сестре)» Центрами изготовлены и розданы более 1800 буклетов. Охвачено более 2135 человек. 5) Организация совместных рейдовых мероприятий и медико-социальных патронажей Всего с 2 по 9 марта по республике проведено 1578 социальных патронажей из них беременных женщин 72, детей до 1 года 177 и другие мероприятия.
A18: Итого: | C18: =SUM(C17:C17) -> 80 | D18: =SUM(D17:D17) -> 70 | F18: =SUM(F17:F17) -> 0 | H18: =SUM(H17:H17) -> 70 | I18: =SUM(I17:I17) -> 70 | J18: =SUM(J17:J17) -> 70 | K18: =SUM(K17:K17) -> 0 | N18: =SUM(N17:N17) -> 0 | P18: =SUM(P17:P17) -> 0
A19: 2. Создание комплексной работы по социальной реабилитации семей, находящихся в СОП и ТЖС. Расширение потенциала служб системы профилактики семейного неблагополучия и социального сиротства
A20: 2.1. Проведение республиканского конкурса среди семей, находящихся в трудной жизненной ситуации | C20: 94 | D20: 140 | E20: =L20 -> 0 | F20: 0 | G20: 0 | H20: =D20 -> 140 | I20: =D20 -> 140 | J20: 140 | M20: - | N20: - | O20: - | P20: - | Q20: Состоялось заседание оргкомитета по определению победителей регионального этапа Всероссийского конкурса «Семья года» в 2020 году, который проводится в рамках празднования Международного дня семьи. Конкурс проводится Минтрудом РФ и Фондом поддержки детей, находящихся в трудной жизненной ситуации, с 2016 года и направлен на пропаганду и повышение общественного престижа семейного образа жизни, ценностей семьи и ответственного родительства. В Республике Тыва в финал регионального этапа Всероссийского конкурса «Семья года-2020» вышли 46 семей. Победителями признаны: «Сельская семья» семья Бабушкина Михаила Антоновича и Риммы Алексеевны из Тоджинского района; «Молодая семья» семья Дугер Начына Романовича и Ариджей Вениаминовны из г.Кызыла; «Многодетная семья» семья Хертек Эмира Кызыл-ооловича и Марианны Шыдыраевны из Бай-Тайгинского района; «Семья – хранитель традиций» семья Кара-Сал Альберта Суге-Маадыровича и Долааны Доржуевны из Дзун-Хемчикского района; «Золотая семья России» семья Оюн Семена Чизенмеевича и Раисы Хапый-ооловны из Тандинского района. Победители регионального этапа в номинациях «Сельская семья», «Молодая семья», «Многодетная семья», «Золотая семья России» и «Семья – хранитель традиций» примут участие во всероссийском этапе конкурса «Семья года». Награждение семей-победителей регионального этапа Всероссийского конкурса «Семья года-2020», состоится после снятия ограничительных мероприятий, связанных с новой коронавирусной инфекцией (COVID-19) на территории Республики Тыва.
A21: 2.2. Проведение мероприятий посвященных, на повышение социального статуса, роли и значимости здоровой семьи, семейного человека в обществе. | C21: 105 | D21: 40 | E21: 0 | F21: - | G21: 0 | H21: =D21 -> 40 | I21: =D21 -> 40 | J21: =D21 -> 40 | M21: - | N21: - | P21: - | Q21: В соответствии с распоряжением Правительства РТ «О мерах по подготовке и проведению в Республике Тыва Дня матери в 2020 году» от 20 октября 2020 года №458-р утврежден сводный план мероприятий. Согласно приказам Минтруда РТ от 13.11.2020 г. №531, от 19.11.2020 №538 организованы круглый стол, приуроченный Дню матери 27 ноября 2020 года в Центре традиционных тувинской культуры и ремесел с участием общесвтенных организаций.проведено 9 основных мероприятий (Онлайн-консультация психологов для семей «Папы всякие нужны, папы всякие важны» с 17 по 29 ноября, реализация добровольческих инициатив «Добрые дела с папой», игровая программа среди детей стационарного отделения «Мамина история», спортивные соревнования «Веселые старты» среди детей стационарного отделения, акция «Конверт желаний», послание писем мама с признанием в любви и пожеланиями с 20 по 25 ноября, чествование образцовых отцов, воспитывающих детей (многодетные отцы, отцы-одиночки, отцы из приёмных семей) в социальных сетях до конца месяца и другие). Также в рамках мероприятий, приуроченных Дню матери органиазовано награждение участников и победителей регионального этапа Всероссийского конкурса "Семья года".
A22: 2.3. Организация и проведение социально-значимых мероприятий, направленных на поддержку семьи и детей, укрепление семейных ценностей и традиций. | C22: 71.4 | D22: 79.5 | E22: 0 | F22: - | G22: 0 | H22: =D22 -> 79.5 | I22: =D22 -> 79.5 | J22: =D22 -> 79.5 | M22: - | N22: - | O22: - | P22: - | Q22: В День семьи, любви и верности на Центре Азии состоялась торжественная церемония награждения образцовых семей Республики Тыва медалями «За любовь и верность». 8 июля 2020 года в 10.00 ч. на скульптурном комплексе «Центр Азии» состоялась торжественная церемония награждения образцовых семей медалями «За любовь и верность, а также церемония бракосочетания Артема Сат и Солангы Сумбаа. Заместитель Председателя Правительства Республики Тыва Саида Хертековна Сенгии вручила медали «За любовь и верность» 9 семьям. 1.Семья Биче-оола Амырта и Ираиды Опей-оол из Кызылского кожууна. Семья Амырта прожили совместно 51 лет. Воспитали и вырастили четверых детей. В настоящее время сыновья работают в различных сферах республики. Ираида Павловна проработала долгие годы в СУ-48 (Строительное Управление 48) 31 лет проработала в одной организации на должности штукатур-маляра, присвоено звание «Заслуженный строитель Республики Тыва». Биче-оол Анинович на протяжении многих лет проработал шофером – 44 года трудового стажа (до сих пор крепко держится за баранку автомобильного руля – 55 лет), был депутатом, имеет почётные грамоты, в настоящее время является председателем старейшин сумона Ээрбекский (села Ээрбек). Воспитали и вырастили 4-х сыновей, помогают воспитывать 5 внуков и внучек и 2 правнучек. В 2012 году построили дом в родном селе, переехали туда, в настоящее время проживают в с.Ээрбек Кызылского района, занимаются огородничеством. 2.Семья Оюрана Бавыыевича и Светланы Давыыевны Сундуй из Кызылскго кожууна. Семья Сундуй достойно воспитала пятерых детей. Семья активный участник мероприятий кожууна и сумона. Имеют многочисленные награды за добросовестный труд. Семья является авторитетом для молодых семей. Вместе живут 35 лет. 3.Семья Шолбана Чечек-ооловича и Елены Вилиновны Крюковых из Чеди-Хольского кожууна. Семья Шолбана Чечек-ооловича и Елены Вилиновны - образцовая семья, совместно прожившая в браке 29 лет, получившие, среди односельчан уважение крепостью семейных устоев сохранили крепкую дружную семью. 4.Семья Александра Владимировича и Екатерины Дараевны Намзын из Каа-Хемского кожууна. Уважаемая образцовая семья, прожившая в законном браке 36 лет, достойно воспитавшая своих детей, имеющая почет и уважение среди односельчан и в районе. Семья занимается овощеводством, садоводством. Супруга в 1987 году поступила в Кызылское педагогическое училище, которое окончила в 1990 году по специальности «Воспитание в дошкольных учреждениях». С тех пор и по настоящее время работает воспитателем МБДОУ Детского сада № 5 «Родничок» комбинированного вида с. Сарыг-Сеп Каа-Хемского района. Награждена Почетной грамотной Министерства образования и науки Республики Тыва. Супруг в 1988 году поступил в Тувинский сельскохозяйственный техникум по специальности «Механизация сельского хозяйства». С 1978 по 2004 года проработал слесарем, токарем, инженером. Имеют пятерых детей, из которых четверо дочери и один сын. 5.Семья Николая Иргитовича и Галины Николаевны Седип из Пий-Хемского кожууна. Семья Николая Иргитовича и Галины Николаевны совместно прожили 50 лет. Оба супруги начинали свою трудовую деятельность с Бай-Тайгинского района с. Тээли. Седип Николай Иргитович много лет работал начальником аэропорта с. Тээли, многократно награждался почетными грамотами кожууна и дипломами Кызылского аэропорта г. Кызыла Республики Тыва. Галина Николаевна уроженка с. Сесерлиг Пий-Хемского кожууна РТ. Окончила Государственное медицинское училище в 1968году в г. Кызыле по специальности «фельдшер-акушерка», работала фельдшером – акушером в ЦРБ Бай-Тайгинского кожууна. За высокий профессионализм, личный вклад в развитии здравоохранения кожууна, награждена грамотами Президента Республики Тыва, грамотой здравоохранения Российской Федерации, звание ветеран труда и юбилейной медалью Республики Тыва. Супруги воспитали четверых детей и 8 внуков. В сентябре этого года супруги будут отмечать золотую свадьбу. 6.Семья Руслана Конгаровича и Айланмаа Маадыр-ооловны Сат из Пий-Хемского кожууна. Семья Сат живет в счастливом браке уже 32 года. Вырастили и воспитали 2 детей, 2 детей-сирот и детей, оставшихся без попечения родителей, имеют 6 внуков. Дружная семья, глава семейства Руслан Конгарович – многократный призер районных соревнований по национальной борьбе Хуреш. Супруга Айланмаа Маадыр-ооловна- призер республиканских и кожуунных выставок по рукоделию. Семья – хранитель семейных традиций. 7. Семья Оолака Суге-Маадыровича и Саиды Лопсановны Бырыннай из г.Кызыла. В этом году семья отмечает 30-летие официального брака совместной жизни, 2-ое детей, 5 внуков. Семья ветерана музея Бырыннай Саиды Лопсановны - социально ответственная, образцовая семья, внесшая большую заслугу в укреплении института семьи, настоящий пример молодым семьям. Дети достигли высшее образование, работают в достойных работах на благо Отечества. 8. Семья Кан-оола Оттук-ооловича и Ураны Туматовны Даваа проживает в г.Кызыл. Прожив совместно 31 год, сохранили в семье исключительно доброжелательные, доверительные взаимоотношения, родители уважают интересы детей, поддерживают творческие начинания, участвуют в свободных занятиях детей, активно принимают участие в общественной жизни, занимаются спортом. Пользуются авторитетом среди общества, соседей, трудовых коллективов. В связи с чем, считаем их образцовой семьей достойной награды. Старшая дочь в настоящее время, получив успешно высшее образование, трудится специалистом в Министерстве топлива и энергетики Республики Тыва. Младший сын учащийся 9 класса МБОУ СОШ № 1 пгт. Каа-Хем Кызылского кожууна. 9. Семья Орлан-оола Оюн-ооловича и Салбакай Конгар-ооловны Тюлюш из г.Кызыла. Семья Тюлюш, небольшая, но очень крепкая и дружная. За прожитые в любви и согласии годы у супругов Тюлюш родились три дочери и пять внуков. В этом году 4 декабря будет 30 лет, как супруги идут по жизни рука об руку вместе. Семья Тюлюшей социально ответственная, образцовая семья, внесшая большую лепту в укреплении института семьи. Является настоящим примером для подрастающей молодежи. Дети получили высшие образование и на сегодняшний день работают на благо государства. 10. Семья Олега Павловича и Эммы Сапыковны Монгуш из г.Кызыл. Семья прожила в браке 38 лет, воспитали 4 детей, все дети имеют высшее и среднее образования, имеют 2 внуков и 5 внучек, которые являются достойными гражданами республики и РФ. В их дружной семье сохранены доброжелательные, доверительные взаимоотношения, семья активно принимает участие в общественной жизни республики. Пользуются авторитетом среди общества, соседей, трудовых коллективов. Они оба являются старшими детьми в семье. Олег Павлович вырос в большой семье старшим сыном. Является Ветераном Труда, работает водителем скорой помощи. Эмма Сапыковна самая старшая дочь в семье. Всю свою трудовую деятельность посвятила медицине, работает. В связи с чем, считаем их образцовой семьей достойной награды. 8 июля - это день памяти святых чудотворцев, благоверных и преподобных князя Петра и его супруги Февронии Муромских, издавна почитаемых в России как хранителей семьи и брака. В этот праздничный день выражаем искреннюю признательность и желаем счастья родителям, достойно воспитывающим не только собственных, но и приемных детей, многодетным семьям, супружеским парам с многолетним стажем семейной жизни, а также молодоженам и тем, кто еще только собирается создать свою семью. У нашего праздника есть замечательный девиз: «Любить и беречь». Так давайте будем любить, и беречь друг друга, наших близких и родных людей. Успехов, счастья, благополучия радости и достатка в доме каждой семьи!
A23: Итого: | C23: =SUM(C20:C22) -> 270.4 | D23: =SUM(D20:D22) -> 259.5 | E23: =SUM(E20:E22) -> 0 | F23: =SUM(F20:F22) -> 0 | G23: 0 | H23: =SUM(H20:H22) -> 259.5 | I23: =SUM(I20:I22) -> 259.5 | J23: =SUM(J20:J22) -> 259.5 | K23: =SUM(K20:K22) -> 0 | M23: =SUM(M20:M22) -> 0 | N23: =SUM(N20:N22) -> 0 | P23: =SUM(P20:P22) -> 0
A24: 3. Социальная поддержка семей с детьми, находящихся в ТЖС
A25: 3.1. Организация детской новогодней елки Главы РТ | C25: 500.6 | D25: 607.5 | E25: 0 | F25: 0 | G25: 0 | H25: =D25 -> 607.5 | I25: =D25 -> 607.5 | J25: =D25 -> 607.5 | M25: - | N25: - | O25: - | P25: - | Q25: Издано распоряжение Правительства Республики Тыва от 26.11.2020 года №518-р "О создании организационного комитета по подготовке и проведению детской новогодней елки Главы Республики Тыва в 2020 году". Запланировано заседание оргкомитета. Направлена заявка на финансирование мероприятия.
A26: 3.2. Направление детей, оказавшихся в ТЖС, в г.Москву для участия в Кремлевской елке | C26: 125 | M26: - | N26: - | O26: - | P26: - | Q26: В связи с эпидситуацией мероприятие не проводится.
A27: 3.3. Направление детей, нах-ся в ТЖС, для участия во всероссийских и в региональных фестивалях, спартакиадах, конкурсах | C27: 20 | D27: 0 | E27: 0 | F27: 0 | G27: 0 | H27: =D27 -> 0 | I27: =D27 -> 0 | J27: =D27 -> 0 | M27: - | N27: - | O27: - | P27: - | Q27: В связи с отсутствием обращений мероприятие не проводилось.
A28: Итого: | C28: =SUM(C25:C27) -> 645.6 | D28: =SUM(D25:D27) -> 607.5 | E28: =SUM(E25:E27) -> 0 | F28: =SUM(F25:F27) -> 0 | G28: 0 | H28: =SUM(H25:H27) -> 607.5 | I28: =SUM(I25:I27) -> 607.5 | J28: =SUM(J25:J27) -> 607.5 | K28: =SUM(K25:K27) -> 0 | M28: =SUM(M25:M27) -> 0 | N28: =SUM(N25:N27) -> 0 | O28: =SUM(O25:O27) -> 0 | P28: =SUM(P25:P27) -> 0
A29: 4. Организация летнего отдыха и оздоровления несовершеннолетних
A30: 4.1. Организация и проведение обучающего инструктажа для организаторов детских оздоровительных лагерей, созданных на базе учреждений социального обслужиывания семьи и детей (Школа вожатых) | C30: 5 | D30: 8 | E30: 0 | F30: 0 | H30: =D30 -> 8 | I30: =D30 -> 8 | J30: =D30 -> 8 | Q30: Срок не наступил
A31: Итого: | C31: =C30 -> 5 | D31: =D30 -> 8 | E31: =E30 -> 0 | F31: =F30 -> 0 | H31: =H30 -> 8 | I31: =I30 -> 8 | J31: =J30 -> 8 | K31: =K30 -> 0 | M31: =M30 -> 0 | N31: =N30 -> 0 | O31: =O30 -> 0 | P31: =P30 -> 0
A32: Итого по программе 1: | C32: =C18+C23+C28+C31 -> 1001 | D32: =D18+D23+D28+D31 -> 945 | E32: =L32 -> 884.4 | F32: =F18+F23+F25 -> 0 | H32: =H18+H23+H28+H31 -> 945 | I32: =I18+I23+I28+I31 -> 945 | J32: =J18+J23+J28+J31 -> 945 | K32: =K18+K23+K28+K31 -> 0 | L32: 884.4 | M32: =M18+M23+M28+M31 -> 0 | N32: =N18+N23+N28+N31 -> 0 | O32: =O18+O23+O28+O31 -> 0 | P32: =P18+P23+P28+P31 -> 0
A33: Подпрограмма 2. "Организация отдыха и оздоровления детей и подростков, находящихся в трудной жизненной ситуации"
A34: Путевки | B34: 6301 | C34: 12095.66 | D34: 0 | E34: 0 | F34: - | G34: 0 | H34: =D34 -> 0 | I34: =D34 -> 0 | J34: =D34 -> 0 | M34: - | N34: - | O34: - | P34: - | Q34: Были предусмотрены финансовые средства на приобретение 1069 путевок в загородные лагеря предусмотрены 12 096,0 тыс. рублей для детей, находящихся в трудной жизненной ситуации и на отдых детей-сирот и детей, оставшихся без попечения родителей в ГБОУ РТ «Детский Дом». По состоянию на 30 июня 2020 года Министерством финансов Республики Тыва предусмотренные денежные средства в общей сумме 12 096,0 тыс. рублей секвестированы по ст. 241.63.01 «приобретение путевок».
A35: Проезд детей к месту отдыха и обратно | B35: 2203 | C35: 748.8 | D35: 250 | E35: =L35 -> 249.6 | F35: - | G35: 0 | H35: =D35 -> 250 | I35: =D35 -> 250 | J35: =D35 -> 250 | L35: 249.6 | M35: - | N35: - | O35: - | P35: - | Q35: Заключен договор с МУП "Кызылгортранс" на сумму 250,0 тр и денежные средсчтва перечислены
A36: Продукты питания | B36: 3420 | C36: 9140.1 | D36: 5590.7987 | E36: =L36 -> 5590.7987 | F36: - | G36: 0 | H36: =D36 -> 5590.7987 | I36: =D36 -> 5590.7987 | J36: =D36 -> 5590.7987 | L36: 5590.7987 | N36: - | O36: - | P36: - | Q36: на питание детей в стационарном лагере «Байлак» по 21 день (в 1 смену -1 291 080 рублей). Запланирован отдых 116 детей.
A37: Содержание лагерей | B37: разн | C37: =33512-C34-C35-C36 -> 11527.44 | D37: 6838.7563 | E37: =L37 -> 4876.1493 | F37: - | G37: 0 | H37: =D37 -> 6838.7563 | I37: =D37 -> 6838.7563 | J37: =D37 -> 6838.7563 | L37: 4876.1493 | M37: - | N37: - | O37: - | P37: - | Q37: На содержание 2 стационарных лагерей предусмотрено 10 331,966 т.р., в т.ч.: "Байлак" - 768 710,1 т.р., "Менги-Чечээ" - 2 644,865 т.р. На содержание дневных лагерей - 1 764,038 т.р. Всего предусмотрено 12 096,00 т.р.
A38: Итого по программе 2: | C38: =SUM(C34:C37) -> 33512 | D38: =SUM(D34:D37) -> 12679.555 | E38: =SUM(E34:E37) -> 10716.548 | F38: =SUM(F34:F37) -> 0 | G38: 0 | H38: =SUM(H34:H37) -> 12679.555 | I38: =SUM(I34:I37) -> 12679.555 | J38: =SUM(J34:J37) -> 12679.555 | K38: =SUM(K34:K37) -> 0 | L38: =SUM(L34:L37) -> 10716.548 | M38: - | N38: - | O38: - | P38: -
A39: Подпрограмма 3. «Социальная защита отдельных категорий граждан и семей с детьми Республики Тыва на 2017-2020 годы»
A40: Субвенции на выплату государственных пособий лицам, не подлежащим обязательному социальному страхованию на случай временной нетрудоспособности и в связи с материнством, и лицам, уволенным в связи с ликвидацией организаций (прекращением деятельности, полномочий физическими лицами), в соответствии с Федеральным законом от 19 мая 1995 года № 81-ФЗ "О государственных пособиях гражданам, имеющим детей"924-1004-1030053800-530-251-251.00.00 | C40: =E40 -> 673749.9 | D40: 701027.2 | E40: 673749.9 | F40: 701027.2 | G40: 673749.9 | H40: - | I40: - | J40: - | M40: - | N40: - | O40: - | P40: - | Q40: На 01.01.2021 г. Профинансировано 673 749,9 тыс. руб. Кассовый расход составлял на 673 749,9 тыс.руб. Остаток на счете 0 руб. (Минтруда РТ). На ежемесячную выплату средств по уходу за ребенком до 1,5 лет выплачено 7506 получателям. г. Кызыл-план- 154 680,6 т.р., факт- 148 612,3 т.р., г. Ак-Довурак план- 30 704,4 т.р., факт- 29 023,2 т.р., Бай-Тайга план- 30 634,2 т.р., факт- 30 108,3 т.р., Барун-Хемчик план- 28 219,5 т.р., факт- 27 288,2 т.р., Дзун-Хемчик план- 66 989,1 т.р., факт- 65 001,9 т.р., Каа-Хем план- 31 490,3 т.р., факт - 29 462,0 т.р., Кызылский план- 76 803,7 т.р., факт- 75 542,7 т.р., Монгун-Тайга план- 21 434,1 т.р., факт- 20 550,9 т.р., Овюр план- 19 994,8 т.р., факт- 19 595,5 т.р., Пий-Хем план- 22 186,5 т.р., факт- 20 897,6 т.р., Сут-Хол план- 22 572,5 т.р., факт- 20 523,2 т.р., Танды план- 31 218,2 т.р., факт- 29 979,9 т.р., Тере-Холь план- 8 223,1 т.р., факт- 7 550,9 т.р., Тес-Хем план- 27 147,9 т.р., факт- 26 243,4 т.р., Тоджа план- 19 176,5 т.р., факт- 18 426,4 т.р., Улуг-Хем план- 54 099,6 т.р., факт- 52 025,6 т.р., Чаа-Холь план- 19 287,7 т.р., факт- 18 549,1 т.р., Чеди-Хол план- 18 704,4 т.р., факт- 18 105,7 т.р., Эрзин план- 17 585,5 т.р., факт- 16 263,2 т.р.
A41: Выплата ежемесячного пособия на детей до 16 (18) лет 924-1003-1030076070-530-251.251.00.00 | C41: 179662.1 | D41: 169930.8 | E41: 169192.4 | F41: - | G41: 0 | H41: 169930.8 | I41: 169930.8 | J41: 169930.8 | L41: 169192.4 | M41: - | N41: - | O41: - | P41: - | Q41: На 01.01.2021 г. профинансировано- 169192,37 тыс. руб. Кассовый расход составлял-169192,37 тыс. руб. Выплачено получателям 28 541, в них детей 55 507. г. Кызыл план-31 002,6 т.р., факт- 30912,6 т.р., г. Ак-Довурак план-8 208,5 т.р., факт- 8169,35 т.р, Бай-Тайга план-7 513,6 т.р., факт-7 483,6 т.р., Барун-Хемчик план- 7 794,6 т.р., факт- 7 636,5 т.р., Дзун-Хемчик- 16 606,6 т.р., факт-16 570,5 т.р., Каа-Хем- 7 909,38 т.р., факт-7 909,38 т.р., Кызылский план- 16 045,7 т.р., факт-15 948,8 т.р., Монгун-Тайга план- 5 185,1 т.р., факт- 5 156,7 т.р., Овюр план- 4 793,1 т.р., факт-4 765,3 т.р., Пий - Хем план - 3 728,7 т.р., факт- 3 702,6 т.р., Сут-Хол план- 6 049,7 т.р., факт- 6 020,5 т.р., Танды план - 9 900,1 т.р., факт -9 883,5 т.р., Тере -Холь план- 2 463,03 т.р., факт -2 440,2 т.р., Тес-Хем план - 6 660,7 т.р., факт -6 631,8 т.р., Тоджа план - 4 403,7 т.р., факт -4 374,9 т.р., Улуг-Хем план - 15 893,7 т.р., факт -15 831,6., Чаа-Хол план - 4 174,77 т.р., факт - 4174,77 т.р., Чеди-Хол план - 6 063,35 т.р., факт - 6 042,2 т.р., Эрзин план - 5 533,28 т.р., факт -5 500,5 т.р.
A42: Содержание ребенка в семье опекуна и приемной семье 924-1004-1030289060 | C42: =F42 -> - | D42: 300527.49 | E42: 300527.5 | F42: - | G42: 0 | H42: 300527.5 | I42: 300527.5 | J42: 300527.5 | L42: 300527.5 | M42: - | N42: - | O42: - | P42: - | Q42: На 01.01.2021 г. профинансировано 300 527,5 тыс. руб. Кассовый расход составил 300 527,5 тыс. руб. Ежемесячное пособие на содержание детей-сирот и детей, оставшихся без попечения родителей всего по республике получили за 2020 год 1998 получателей, из них детей - 3472.
A43: Вознаграждение причитающееся приемному родителю 924-1003-1030089060-323-226-226.99.00 | C43: 47694.6 | D43: =H43 -> 12 | E43: 0 | G43: 0 | H43: 12 | I43: 12 | J43: 12 | Q43: в исполнении
A44: Субвенции на выплату единовременного пособия беременной жене военнослужащего, проходящего военную службу по призыву, а также ежемесячного пособия на ребенка военнослужащего, проходящего военную службу по призыву, в соответствии с Федеральным законом от 19 мая 1995 года № 81-ФЗ "О государственных пособиях гражданам, имеющим детей" 924-1004-1030052700-313-262-262.99.00 | C44: 54241 | D44: =F44 -> 44410 | E44: 30511.3 | F44: 44410 | G44: 30511.3 | M44: - | N44: - | O44: - | Q44: На 01.01.2021 г. Единовременное пособие беременной жене военнослужащего - 17 получателей - 749,10 тыс руб; ежемесячное пособие на ребенка военнослужащего выдано 214 получателям; на 223 детей - 29 762,2 тыс. руб. Кассовый расход составил 27 000,00 тыс. руб. остаток на 01.01.2021 составляет 0,00 тыс. руб.
A45: Субвенции на выплату единовременного пособия при всех формах устройства детей, лишенных родительского попечения, в семью 924-1004-1030052600-313-262-262.99.00 | C45: 25141.2 | D45: 26062.5 | E45: 17727.22 | F45: 26062.5 | G45: 17727.22 | M45: - | N45: - | O45: - | P45: - | Q45: На 01.01.2021 г. профинансировано 17 727,22 тыс.руб. Кассовый расход составил 17 727,22 тыс. руб. Получатели - 323, в них детей 513.
A46: Субсидии на перевозку несовершеннолетних, самовольно ушедших из семей, детских домов, школ-интернатов, специальных учебно-воспитательных и иных детских учреждений 924-1004-1030059400-244-222-222.99.00 | C46: =E46 -> 0 | D46: =F46 -> 153.9 | E46: =G46 -> 0 | F46: 153.9 | G46: 0 | M46: - | N46: - | O46: - | P46: - | Q46: За отчетный период финансовые средства не израсходованы. Заявок на перевозку детей не поступало.
A47: Выплаты ежемесячных пособий на первого ребенка, рожденного с 1 января 2018 г., в соответствии с Федеральным законом от 28 декабря 2017 N 418-ФЗ "О ежемесячных выплатах семьям, имеющим детей"924-1004-103P155730-530-251-251.00.00-20.20.01 | C47: =E47 -> 508716.41 | D47: 509490 | E47: 508716.41 | F47: 509490 | G47: 508716.41 | Q47: На 01.01.2021 г. профинансировано 508 716,41 тыс. руб. На ежемесячную выплату в связи с рождением (усыновлением) первого ребенка выплачено 4216 получателям. г. Кызыл-план-134 137,60 т.р., факт-134 137,60 т.р. Ак-Довурак план-21 448,34 т.р., факт-21 398,00 т.р., Бай-Тайга план-22 697,10 т.р., факт-22 656,43 т.р., Барун-Хемчик план-20 763,4 т.р., факт-20 709,4 т.р., Дзун-Хемчик план- 41 668,9 т.р., факт-41 626,04 т.р., Каа-Хем план - 19 479,0 т.р., факт - 19 439,2 т.р., Кызылский план-54 266,24 т.р., факт- 54 243,70 т.р., Монгун-Тайга - план- 12 900,6 т.р., факт-12 843,36 т.р., Овюр план-17 100,57 т.р., факт-17 059,63 т.р., Пий-Хем план-14 443,6 т.р., факт-14 436,3 т.р., Сут-Хол план-18 334,7 т.р., факт-18 283,02 т.р., Танды план-22 456,48 т.р., факт-22 408,76 т.р., Тере-Холь план-4 578,8 т.р., факт- 4 549,29 т.р., Тес-Хем план- 18 560,16 т.р., факт-18 263,53 т.р., Тоджа план-12 628,48 т.р., факт-12 574,27 т.р., Улуг-Хем план- 34 187,2 т.р., факт-34 134,05 т.р., Чаа-Холь план-12 807,8 т.р., факт-12 783,78 т.р., Чеди-Хол план-10 810,6 т.р., факт-10 760,13 т.р., Эрзин план-16 220,44 т.р., факт-16 157,47 т.р.
A48: Выплаты ежемесячных пособий на третьего ребенка, рожденного с 1 января 2020 г., в соответствии с Федеральным законом от N -ФЗ "О ежемесячных выплатах семьям, имеющим детей"924-1004-103P150840-530-251-251.00.00-20.20.01 | C48: 67642.726 | D48: 182193.6 | E48: 182193.6 | F48: 180371.7 | G48: 180371.7 | H48: 1821.9 | I48: 1821.9 | J48: 1821.9 | L48: 7732.57 | Q48: На 01.01.2021 г. профинансировано 182 193,6 тыс. руб. На ежемесячную выплату в связи с рождением (усыновлением) третьего ребенка и последующих детей выплачено 2024 получ. (дети 2040). Кызыл-47 517,70 т.р. Ак-Довурак -8 135,85 т.р., Бай-Тайга 6483,23 т.р., Барун-Хемчик -7 928,97 т.р., Дзун-Хемчик - 17 577 т.р., Каа-Хем -7 288,02 т.р., Кызылский - 20 527,89 т.р., Монгун-Тайга -5 323,4 т.р., Овюр -4 821,23 т.р., Пий-Хем -3 905,30 т.р., Сут-Хол -5 392,49 т.р., Танды -6 835,97 т.р., Тере-Холь-1 368,22 т.р., Тес-Хем -6 589,86 т.р., Тоджа - 4 697,20 т.р., Улуг-Хем -14 244,39 т.р., Чаа-Холь -4 166,40 т.р., Чеди-Хол -5 124,62 т.р., Эрзин -4 265,88 т.р. Из республиканского бюджета дополнительно финансировано Кызыл-2 294,65 т.р., Ак-Довурак-362,19 т.р., Бай-Тайга-545,75 т.р., Барун-Хемчик-33,31 т.р.,Дзун-Хемчик-500,05 т.р.,Каа-Хем-151,08 т.р.,Монгун-Тайга-99,12 т.р.,Овюр-285,83 т.р.,Сут-Хол-300,97 т.р.,Танды-260,61 т.р.,Тес-Хем-250,12 т.р.,Улуг-Хем-345,18 т.р.,Чаа-Холь-147,39 т.р.,Чеди-Холь-317,44 т.р.,Эрзин-16,99 т.р.
A49: Единовременная денежная выплата родителям при рождении двоих и более детей одновременно, 1004 -103P189100-313-262-262.99.00 | C49: =F49 -> 0 | D49: 360 | E49: 360 | F49: 0 | G49: 0 | H49: 360 | I49: 360 | J49: 360 | L49: 360 | Q49: На 01.01.2021 г. профинансировано 36,0 тыс.руб. Остаток на счете 0 руб.
A50: Социальное обеспечение детей-сирот и детей, оставшихся без попечения родителей, лиц из их числа детей-сирот и детей, оставшихся без попечения родителей, обучающихся в государственных образовательных учреждениях среднего профессионального образования и высшего образования | C50: =F50 -> 0 | D50: =H50 -> 88203.2 | E50: =L50 -> 4100.13 | G50: 0 | H50: 88203.2 | I50: 88203.2 | J50: 88203.2 | L50: 4100.13 | M50: - | N50: - | O50: -
A51: Расходы на выплату регионального материнского капитала в соответствии с Законом Республики Тыва от 28.10.2011 г. № 937 ВХ-1 «О мерах социальной поддержки отдельных категорий семей в Республике Тыва» 924-1004-103P189050-323-263-263.99.00 | C51: 12150 | D51: 8696.2 | E51: 8676.72 | G51: 0 | H51: 8696.2 | I51: 8696.2 | J51: 8696.2 | L51: 8676.7 | M51: - | N51: - | O51: - | P51: - | Q51: На получение дополнительных мер социальной поддержки в виде рег. материнского капитала включаются женщины, родившие (усыновившие) пятого ребенка и последующих детей, начиная с 1 января 2012 г. В соответствии с п. 2 статьи 3 Закона РТ право на получение рег. материнского капитала возникает при рождении (усыновлении) пятого ребенка и последующих детей, имеющих гражданство РФ, постоянно проживающих по месту жительства на территории РТ. Размер регионального материнского капитала на 1 января 2020 года составил 55620 рублей с учетом индексации. За отчетный период поступило заявлений на выдачу сертификата на региональный материнский капитал - 257, из них отказано 10 заявителю, 247 заявителям вынесено решение о выдаче. Выдано на руки 221 сертификата. Поступило заявлений на распоряжение средствами регионального материнского капитала - 156, 7 отказ.
A52: Предоставление материальной помощи на ремонт жилого помещения детям-сиротам, оставшимся без попечения родителей 924-1004-1030089080-313-262-262.99.00 | C52: =F52 -> 0 | D52: =H52 -> 500 | E52: =L52 -> 400 | G52: 0 | H52: 500 | I52: 500 | J52: 500 | L52: 400 | Q52: Согласно постановлению Правительства Республики Тыва от 30 января 2014 г. № 27 "Об утверждении порядка предоставления единовременной материальной помощи детям-сиротам и детям, оставшимся без попечения родителей, в том числе находящимся по опекой (попечительством), на текущий ремонт имеющегося закрепленного жилого помещения, принадлежащего им на праве собственности" предусмотрена материальная помощь на ремонт жилого помещения детям-сиротам в размере 50,0 тыс. рублей на каждого получателя.
A53: Обеспечение семенным картофелем и семенами овощных культур малоимущих семей Республики Тыва 924-1003-103Р189090-323-263-263.99.00 | C53: 870 | D53: =H53 -> 3829.32 | E53: =L53 -> 3829.32 | G53: 0 | H53: 3829.32 | I53: 3829.32 | J53: =D53 -> 3829.32 | L53: 3829.32 | Q53: Бюджет на 2020 год: предусмотрено 1 245,0 тыс. рублей в соответствии с государственной программой РТ «Социальная защита семьи и детей на 2017 – 2020 годы» (предварительно по плану на семена картофеля предусмотрено 1 003 800 рублей, на семена овощных культур – 241 200 рублей). Всего предусмотрено приобретение 41825 кг семян картофеля. В 2020 году план охвата получателей– 3442, из них за счет семенного фонда 2019 года - 358 семей получат семена картофеля, за счет республиканского бюджета 3084 семей (1340 семей–получатели семян картофеля и овощных культур, 1744 семей- получатели семян овощных культур). заключены 5 договоров на поставку семян картофеля 1266 семьям-получателям до адреса уполномоченной организации Минтруда, кроме Тоджинского кожууна, со следующими местными товаропроизводителями: 1. С ИП ГК(Ф)Х Желтухиным Александром Петровичем на поставку семян картофеля в г. Кызыл (83 семей), г. Ак-Довурак (75 семей), Барун-Хемчикский (75 семей) и Чаа-Хольский (76 семей) кожууны в количестве 9 575 кг на общую сумму 203,47 тыс. рублей со сроком доставки от 01 мая - 20 мая 2020 г. (Договор от 19 марта 2020 г. № 1).Со СПОК «УСМА», председатель Сат Радмир Александрович - на поставку семян картофеля в Бай-Тайгинский (75 семей), Овюрский (73 семей), Сут-Хольский (76 семей) и Улуг-Хемский (76 семей) кожууны в количестве 9 350 кг на общую сумму 198,69 тыс. рублей со сроком доставки от 01 мая - 20 мая 2020 г. (Договор от 19 марта 2020 г. №2).3. ГК(Ф)Х Кимом Генадием Анатольевичем на поставку семян картофеля в Дзун-Хемчикский (76 семей), Каа-Хемский (76 семей), Кызылский (81 семей) и Пий-Хемский (76 семей) кожууны в количестве 9 625 кг на общую сумму 204,53 тыс. рублей со сроком доставки от 01 мая - 20 мая 2020 г. (Договор от 15 апреля 2020 г. № 3).4. Со СПОК «Земля надежды» в лице Куулар Алена Александровны на поставку семян картофеля в Тандинский (76 семей), Тес-Хемский (76 семей), Чеди-Хольский (76 семей) и Эрзинский (75 семей) кожууны в количестве 9 475 кг на общую сумму 201,34 тыс. рублей со сроком доставки от 01 мая - 20 мая 2020 г. (Договор от 15 апреля 2020 г. № 4).5. С ИП ГК(Ф)Х Желтухиным Александром Петровичем на приобретение семян картофеля 45 семьям-получателям Тере-Хольского кожууна в количестве 1 500 кг на общую сумму 18,0 тыс. рублей со сроком поставки от 20 мая - 10 июня 2020 г. (Договор от 14 апреля 2020 г. № 5). С ИП ГК(Ф)Х Желтухином Александром Петровичем на приобретение семян картофеля 74 семьям-получателям Тоджинского кожууна в количестве 2 300 кг на общую сумму 12,0 тыс. рублей.Общее количество получателей семян овощных культур – 3084 семей. Заключен договор с ФФГБУ «Россельхозцентром» на общую сумму 370 093,75 рублей на приобретение 3084 наборов: морковь- 4гр, свекла- 10гр, огурец-0,5 гр, кабачок- 0,5гр, редис- 3гр, укроп- 3гр, петрушка- 4гр, лук батун- 2гр. семена картофеля и овощных культур роздано всем получателям. Денежные средства всем поставщикам перечислены, всего 1 223 722 рублей (100%). Посадка. На 27 мая семена овощных культур посадили 3084 семей или 100% (из 3084 семей), семена картофеля посадили всего 1340 семей или 100 % (из 1340 семей). Картофель посадили 100%, овощные культуры 100% в 19 муниципальных образованиях.
A54: Губернаторский проект "Корова-кормилица" 924-1003-103Р189091-612-241-241.31.99 | C54: 9250 | D54: =H54 -> 500 | E54: 0 | G54: 0 | H54: 500 | I54: 500 | J54: 500 | Q54: В 2020 году план охвата участников - 500 семей (250 участников за счет передачи телок получателями 2018 года и 250 за счет приобретения коров с телками). По сравнению с 2019 годом количество участников уменьшилось на одного участника и составило 498 семей, в которых воспитывается 1 755 детей (в Тере-Хольском кожууне и г. Ак-Довурак в связи с отсутствием телок 2018 года не отобраны участники), в том числе 250 семей (получатели коров с телкой), в них детей 917 и 248 семей (получатели телок 2018 года - безвозмездная передача по условиям социального контракта), в них детей 849.В 2020 году социальная помощь оказывается за счет средств федерального бюджета в соответствии с постановлением Правительства Республики Тыва от 20.02.2020 г. № 55 «О государственной социальной помощи малоимущим семьям и малоимущим одиноко проживающим гражданам на основании социального контракта, в целях которого предоставляется субсидия из федерального бюджета» на общую сумму 16 687,0 тыс. рублей. В соответствии с трехсторонним соглашением между Минтруда РТ, поставщиком и участником проекта участнику проекта выделяются ежемесячно денежные средства в размере 11 125 рублей в течение 6 месяцев (в общей сумме на 1 участника выделяется 66 750 рублей, из них на приобретение коровы с телкой 44 500 рублей, на другие расходы 22 250 рублей). В текущем году проводится процедура страхования коров участниками программы. Стоимость страхования одной коровы с теленком – 2 540 рублей. В 10 муниципальных образованиях (Бай-Тайгинский, Барун-Хемчикский, Дзун-Хемчикский, Кызылский, Овюрский, Пий-Хемский, Тандинский, Чеди-Хольский, Эрзинский, Ак-Довурак) 151 корова с телкой застрахована на общую сумму 383 540 рублей, остальные 7 подали документы на страхование. Всего передано 246 телок (из 248) новым получателям 2020 года. Передача 2 голов коров в Тоджинском кожууне запланировано в начале зимы.Передачу коров с телками 2020 года завершили 18 муниципальных образований:
A55: Губернаторский проект "Чаа сорук" 924-1003-1030089093 | C55: 9250 | D55: =H55 -> 55200 | E55: =L55 -> 55200 | G55: 0 | H55: 55200 | I55: =D55 -> 55200 | J55: 55200 | L55: 55200 | Q55: в исполнении
A56: Социальная поддержка при оплате за вывоз мусора многодетных семей (Мусор) 924-1003-1030089094 | C56: 9206.3 | D56: =H56 -> 8700 | E56: =L56 -> 870 | G56: 0 | H56: 8700 | I56: =D56 -> 8700 | J56: 8700 | L56: 870 | Q56: НПА на разработке
A57: Социальная поддержка многодетных семей (Уголь) 924-1003-103Р189092-323 | C57: 9206.3 | D57: =H57 -> 13147.9 | G57: 0 | H57: 13147.9 | I57: 13147.9 | J57: 13147.9 | Q57: Социальная поддержка многодетным семьям оказывается 1 раз в год до начала отопительного сезона в виде выдачи талонов на приобретение каменного угля, дров (по 2 т. 142 кг, угля на каждую семью, и по 4,8 куб дров). Бюджет: на реализацию проекта в бюджете республики на 2020 год предусмотрено 13 147,9 тыс. рублей, денежные средства заложены в бюджете Министерства топлива и энергетики РТ. Постановлением Правительства Республики Тыва от 23 марта 2020 г. № 105 «Об оказании адресной социальной помощи в рамках реализации проекта «Социальный уголь» и о признании утратившими силу отдельных постановлений Правительства Республики Тыва» утверждено Положение о предоставлении адресной социальной помощи в рамках реализации проекта «Социальный уголь» малоимущим многодетным семьям, имеющим 4 и более детей, приемным семьям и план мероприятий («дорожная карта») по предоставлению адресной социальной помощи в рамках реализации проекта «Социальный уголь». Всего 3222 получателей, в том числе 3085 семей-получателей каменного угля и 137 семей – получателей дров для отопления). В связи с несоблюдением сроков подачи заявлений на получение социальной поддержки (до 27 марта 2020 г.) количество семей обновлено. Обновленный список семей-получателей социальной поддержки в рамках реализации проекта «Социальный уголь», утвержденный приказом Минтруда РТ от 20 июля 2020 г.№321 направлен в Минтопэнерго РТ 20 июля 2020 г. по системе электронного документооборота «СЭД-практика». 23 июля 2020 года на уровне заместителя министра труда социальной политики РТ Дудуп Ч.М. состоялось рабочее совещание с участием заместителя министра топлива и энергетики РТ Хангай Д.А. и начальника отдела Минтопэнерго РТ Аракчаа Э-Б.Н. по вопросу снижения количества семей – получателей адресной социальной помощи в рамках реализации проекта «Социальный уголь». По итогу рабочего совещания принято решение об обеспечении доставки и развоза угля в два этапа: I этап – обеспечение труднодоступных и отдаленных районов, где находятся 1971 семей. В них получатели дров для отопления – 137 семей (Каа-Хемский кожуун, с.Сизим – 7, Тоджинский - 102, Тере-Хольский – 28). В них получателей твердого топлива – 1828 семей (Монгун-Тайгинский - 99, Бай-Тайгинский - 217, Барун-Хемчикский - 222, г.Ак-Довурак - 43, Сут-Хольский - 137, Овюрский - 88, Тес-Хемский - 117, Эрзинский - 63, Чаа-Хольский - 93, Чеди-Хольский - 74, Улуг-Хемский - 163, Каа-Хемский - 139, Пий-Хемский – 72, Кызылский – 307). II этап – обеспечение оставшихся районов, где находятся 1251 семей получателей твердого топлива (Эрзинский кожуун, с.Качык – 1, Кызылский кожуун, пгт.Каа-Хем – 111, Дзун-Хемчикский – 345, Тандинский – 175, г.Кызыл – 619). Учитывая утвержденный объем каменного угля (2,145 тонн) и дров для отопления (4,8 м3) на каждую семью, для обеспечения всех получателей необходимо 6617,325 тонн каменного угля и 657,6 м3 дров для отопления. В связи с приостановкой деятельности участие ООО «УК «Межегейуголь» в губернаторском проекте «Социальный уголь» не представляется возможным. ООО «Компания «Востсибуголь» (головная организация ООО «Тувинская горнорудная компания») на обращение Министерства о выделении бесплатного объема каменного угля, письмом от 13 апреля 2020 года № КВСУ/1-ИСХ/2020-568 подтвердила участие в социальном проекте с предложением по выделению каменного угля в объеме 1000 тонн. С учетом вышеизложенного, требуемый объем каменного угля для 3085 семей составит 6617,325 тонн. Расходы на приобретение и доставку каменного угля составляют 21 744,1 тыс. рублей. Расходы на приобретение и доставку дров для отопления составили 460,3 тыс. рублей. Итого для оказания социальной помощи в рамках реализации проекта «Социальный уголь» необходимо финансовых средств на сумму 22 204,3 тыс. рублей. При этом в республиканском бюджете 2020 года на данный социальный проект заложены финансовые средства в размере 13 147,9 тыс. рублей. Дефицит средств составляет 9 056,4 тыс. рублей. Принятые меры по исполнению: Министерством направлено письмо от 25.06.2020 г. № РК-1257 Генеральному директору ООО «Компания «Вотсибуголь», члену совета директоров ООО «Тувинская горнорудная компания» о рассмотрении возможности выделения дополнительного объема каменного угля на реализацию губернаторского проекта «Социальный уголь». ООО «Компания «Вотсибуголь», члену совета директоров ООО «Тувинская горнорудная компания» на обращение Министерства, письмом от 06.07.2020 года № КВСУ/П-ИСХ-2020-973 направили ответ о том, что не имеют финансовой возможности выделения дополнительных объемов спонсирования и готовы выделить только 100 угля в рамках проекта «Социальный уголь». С учетом предусмотренных в республиканском бюджете 2020 года финансовых средств, в настоящее время Министерством проводятся закупочные процедуры по приобретению и доставке каменного угля и дров для отопления 1971 многодетным семьям из 3222 семей, имеющих четырех и более детей.
A58: Субсидии на осуществление ежемесячных выплат на детей в возрасте о трех до семи лет включительно (от3 до 7 лет) 924-1003-103Р189092-324 | D58: 972038.99 | E58: 1998001 | F58: 2221557.8 | G58: 1978021 | H58: 22440 | I58: 22439.98 | J58: 22440 | L58: 1998001 | Q58: На 01.01.2021 г. профинансировано 1 998 001,00 тыс. руб. На ежемесячнуюденежную выплату на ребенка в возрасте от трех до семи лет включительно 28929 получателям в них 37006 детей. г. Кызыл-план-552 773,35 т.р., факт-528062,59 т.р. Ак-Довурак план-124 383,53 т.р., факт-96174,66 т.р., Бай-Тайга план-86 545,365 т.р., факт-76744,71 т.р., Барун-Хемчик план-86 681,30 т.р., факт-77260,22 т.р., Дзун-Хемчик план- 196 866,98 т.р., факт-169459,93 т.р., Каа-Хем план - 93 338,62т.р., факт - 82890,79 т.р., Кызылский план-265 682,02 т.р., факт- 215250,91 т.р., Монгун-Тайга - план- 51 356,62 т.р., факт-46686,59 т.р., Овюр план-59 712,19 т.р., факт-49799,03 т.р., Пий-Хем план-60 799,10 т.р., факт-54080,54 т.р., Сут-Хол план-90 349,53 т.р., факт-64675,49 т.р., Танды план-103 800,10 т.р., факт-96354,90 т.р., Тере-Холь план-21 262,73 т.р., факт- 17608,54 т.р., Тес-Хем план- 68 135,85 т.р., факт-64960,66 т.р., Тоджа план-53 530,38 т.р., факт-47763,38 т.р., Улуг-Хем план-158 281,60 т.р., факт-153374,05 т.р., Чаа-Холь план-52 568,69 т.р., факт-46594,73 т.р., Чеди-Хол план-59 236,65 т.р., факт-56582,60 т.р., Эрзин план-58 693,19 т.р., факт-53676,65 т.р.
A59: Итого по программе 3: | C59: =SUM(C40:C57) -> 1606780.5 | D59: =SUM(D40:D58) -> 3084983.1 | E59: =SUM(E40:E58) -> 3954055.5 | F59: =SUM(F40:F58) -> 3683073.1 | G59: =SUM(G40:G58) -> 3389097.5 | H59: =SUM(H40:H58) -> 673868.82 | I59: =SUM(I40:I58) -> 673868.8 | J59: =SUM(J40:J58) -> 673868.82 | K59: =SUM(K40:K58) -> 0 | L59: =SUM(L40:L58) -> 2548889.6 | M59: =SUM(M40:M57) -> 0 | N59: =SUM(N40:N57) -> 0 | O59: =SUM(O40:O57) -> 0 | P59: =SUM(P40:P57) -> 0 | Q59: =E59/D59/100% -> 1.2817106
A60: Подпрограмма 4 «О мерах по улучшению социального обслуживания семей и детей, находящихся в трудной жизненной ситуации, в Республики Тыва на 2017-2020 годы»
A61: ЦСПСиД Бай-Тайгинского кожууна | C61: 9583.421 | D61: =H61 -> 12880.586 | E61: =L61 -> 12693.294 | F61: 0 | G61: 0 | H61: 12880.586 | I61: 12880.586 | J61: 12880.586 | K61: 949.8 | L61: 12693.294 | M61: - | N61: - | O61: - | P61: - | Q61: На 31.12.2020 г. профинансировано 368 161,5 тыс.руб. (98,5% исполенение)
A62: ЦСПСиД Барун-Хемчикского кожууна | C62: 11032.667 | D62: =H62 -> 14479.748 | E62: =L62 -> 14297.336 | F62: 0 | G62: 0 | H62: 14479.748 | I62: 14479.748 | J62: 14479.748 | K62: 1090.305 | L62: 14297.336 | M62: - | N62: - | O62: - | P62: -
A63: ЦСПСиД Дзун-Хемчикского кожууна | C63: 10988.993 | D63: =H63 -> 14290.835 | E63: =L63 -> 14269.26 | F63: 0 | G63: 0 | H63: 14290.835 | I63: 14290.835 | J63: 14290.835 | K63: 1253.453 | L63: 14269.26 | M63: - | N63: - | O63: - | P63: -
A64: ЦСПСиД Каа-Хемского кожууна | C64: 11896.901 | D64: =H64 -> 15469.634 | E64: =L64 -> 15287.513 | F64: 0 | G64: 0 | H64: 15469.634 | I64: 15469.634 | J64: 15469.634 | K64: 1189.885 | L64: 15287.513 | M64: - | N64: - | O64: - | P64: -
A65: ЦСПСиД Кызылского кожууна | C65: 20288.555 | D65: =H65 -> 28371.134 | E65: =L65 -> 28187.006 | F65: 0 | G65: 0 | H65: 28371.134 | I65: 28371.134 | J65: 28371.134 | K65: 2367.6 | L65: 28187.006 | M65: - | N65: - | O65: - | P65: -
A66: ЦСПСиД Монгун-Тайгинского кожууна | C66: 10877.671 | D66: =H66 -> 14455.649 | E66: =L66 -> 14274.355 | F66: 0 | G66: 0 | H66: 14455.649 | I66: 14455.649 | J66: 14455.649 | K66: 1815.95 | L66: 14274.355 | M66: - | N66: - | O66: - | P66: -
A67: ЦСПСиД Овюрского кожууна | C67: 8133.983 | D67: =H67 -> 11409.354 | E67: =L67 -> 11286.293 | F67: 0 | G67: 0 | H67: 11409.354 | I67: 11409.354 | J67: 11409.354 | K67: 1122.65 | L67: 11286.293 | M67: - | N67: - | O67: - | P67: -
A68: ЦСПСиД Пий-Хемского кожууна | C68: 9378.894 | D68: =H68 -> 13362.86 | E68: =L68 -> 13129.505 | F68: 0 | G68: 0 | H68: 13362.86 | I68: 13362.86 | J68: 13362.86 | K68: 1188.247 | L68: 13129.505 | M68: - | N68: - | O68: - | P68: -
A69: ЦСПСиД Сут-Хольского кожууна | C69: 9689.911 | D69: =H69 -> 13818.128 | E69: =L69 -> 13619.888 | F69: 0 | G69: 0 | H69: 13818.128 | I69: 13818.128 | J69: 13818.128 | K69: 1109.55 | L69: 13619.888 | M69: - | N69: - | O69: - | P69: -
A70: ЦСПСиД Тандинского кожууна | C70: 11674.833 | D70: =H70 -> 14117.296 | E70: =L70 -> 13924.324 | F70: 0 | G70: 0 | H70: 14117.296 | I70: 14117.296 | J70: 14117.296 | K70: 1236.6 | L70: 13924.324 | M70: - | N70: - | O70: - | P70: -
A71: ЦСПСиД Тес-Хемского кожууна | C71: 10818.561 | D71: =H71 -> 12896.191 | E71: =L71 -> 12564.29 | F71: 0 | G71: 0 | H71: 12896.191 | I71: 12896.191 | J71: 12896.191 | K71: 1502.8 | L71: 12564.29 | M71: - | N71: - | O71: - | P71: -
A72: ЦСПСиД Тоджинского кожууна | C72: 10575.145 | D72: =H72 -> 13636.235 | E72: =L72 -> 13375.669 | F72: 0 | G72: 0 | H72: 13636.235 | I72: 13636.235 | J72: 13636.235 | K72: 1015.4 | L72: 13375.669 | M72: - | N72: - | O72: - | P72: -
A73: ЦСПСиД Улуг-Хемского кожууна | C73: 10513.144 | D73: =H73 -> 14724.634 | E73: =L73 -> 14563.618 | F73: 0 | G73: 0 | H73: 14724.634 | I73: 14724.634 | J73: 14724.634 | K73: 951.09 | L73: 14563.618 | M73: - | N73: - | O73: - | P73: -
... A76: ЦСПСиД Чеди-Хольского кожууна | C76: 9263.595 | D76: =H76 -> 13191.823 | E76: =L76 -> 12914.793 | F76: 0 | G76: 0 | H76: 13191.823 | I76: 13191.823 | J76: 13191.823 | K76: 1009.32 | L76: 12914.793 | M76: - | N76: - | O76: - | P76: -
A77: ЦСПСиД "Ресцентр соцподдержки" | C77: 77262.599 | D77: =H77 -> 74358.621 | E77: =L77 -> 73765.302 | F77: 0 | G77: 0 | H77: 74358.621 | I77: 74358.621 | J77: 74358.621 | K77: 6528.22 | L77: 73765.302 | M77: - | N77: - | O77: - | P77: - | S77: =D77-E77 -> 593.31896
A78: ЦСПСиД г. Кызыла | C78: 21059.295 | D78: =H78 -> 28485.185 | E78: =L78 -> 27429.151 | F78: 0 | G78: 0 | H78: 28485.185 | I78: 28485.185 | J78: 28485.185 | K78: 2422 | L78: 27429.151 | M78: - | N78: - | O78: - | P78: -
A79: ЦСПСиД г. Ак-Довурака | C79: 10914.8 | D79: =H79 -> 14865.447 | E79: =L79 -> 14854.173 | F79: 0 | G79: 0 | H79: 14865.447 | I79: 14865.447 | J79: 14865.447 | K79: 13582.197 | L79: 14854.173 | M79: - | N79: - | O79: - | P79: -
A80: Итого Центры 924-1002-1040000590-611-241 | C80: 280945.3 | D80: =SUM(D61:D79) -> 348526.54 | E80: =L80 -> 343614.28 | F80: 0 | G80: 0 | H80: =SUM(H61:H79) -> 348526.54 | I80: =SUM(I61:I79) -> 348526.54 | J80: =SUM(J61:J79) -> 348526.54 | K80: =SUM(K61:K79) -> 42053.018 | L80: =SUM(L61:L79) -> 343614.28 | M80: =SUM(M61:M79) -> 0 | N80: =SUM(N61:N79) -> 0 | P80: -
A81: Детский дом г. Кызыла 07-02-1040000590-611-241 | C81: 17240 | D81: =H81 -> 25300.717 | E81: =L81 -> 24547.221 | F81: 0 | G81: 0 | H81: 25300.717 | I81: 25300.717 | J81: 25300.717 | K81: 21735.8 | L81: 24547.221 | M81: - | N81: - | O81: - | P81: -
A82: Итого по программе 4: | C82: 298185.3 | D82: =D81+D80 -> 373827.25 | E82: =E81+E80 -> 368161.5 | F82: 0 | G82: 0 | H82: =H81+H80 -> 373827.25 | I82: =I81+I80 -> 373827.25 | J82: =J81+J80 -> 373827.25 | K82: =K81+K80 -> 63788.818 | L82: =L81+L80 -> 368161.5 | Q82: =E82/D82*100% -> 0.98484392
A83: Подпрограмма 5 «Обеспечение жилыми помещениями детей-сирот, детей, оставшихся без попечения родителей, лиц из числа детей-сирот, оставшихся без попечения родителей по договорам найма специализированных жилых помещений»
A84: Субсидии на обеспечение жилыми помещениями детей-сирот, оставшихся без попечения родителей, а также детей находящихся под опекой (попечительства) не имеющих закрепленного жилого помещения | D84: =F84+I84 -> 748496.06 | E84: =G84+L84 -> 428526.93 | F84: 741011.1 | G84: 424241.66 | H84: 7485 | I84: 7484.96 | J84: 0 | L84: 4285.27 | M84: - | N84: - | O84: - | P84: - | Q84: Всего предусмотрено 748 469 060,61 руб. (федеральный бюджет – 741 011 100,00 рублей, республиканский бюджет – 7 484 960,61 рублей).
E85: =#REF! -> #REF!
A86: Налог на имущество 924-1004-1050040100-851-291-291.01.00 | D86: =H86 -> 26119.081 | E86: 25567.081 | H86: 26119.081 | I86: 26119.081 | J86: 26119.081 | L86: 19398 | Q86: Предусмотрено на налог на имущество жилых помещений
A87: Итого по программе 5: | D87: =D86+D84 -> 774615.14 | E87: =E86+E84 -> 454094.01 | F87: =F86+F84 -> 741011.1 | G87: =G86+G84 -> 424241.66 | H87: =H86+H84 -> 33604.081 | I87: =I86+I84 -> 33604.041 | J87: =J86+J84 -> 26119.081 | K87: =K86+K84 -> 0 | ... P87: =P86+P84 -> #VALUE! | Q87: =E87/D87/100% -> 0.58621887
A88: Лимит программы | D88: =D32+D38+D59+D82+D87 -> 4247050.1 | E88: =E32+E38+E59+E82+E87 -> 4787911.9 | F88: =F32+F38+F59+F82+F87 -> 4424084.2 | G88: =G32+G38+G59+G82+G87 -> 3813339.2 | H88: =H32+H38+H59+H82+H87 -> 1094924.7 | I88: =I32+I38+I59+I82+I87 -> 1094924.7 | J88: =J32+J38+J59+J82+J87 -> 1087439.7 | K88: =K32+K38+K59+K82+K87 -> 63788.818 | L88: =L32+L38+L59+L82+L87 -> 2952335.3 | Q88: =E88/D88/100% -> 1.12735
A89: контрольная цифра | D89: 3977508.4
D92: =D89-D88 -> -269541.65
P94: 48 | Q94: г.Кызыл - 48,
P95: 6 | Q95: г.Ак-Довурак - 6,
P96: 6 | Q96: Бай-Тайгинский - 6,
P97: 6 | Q97: Барун-Хемчикский - 6,
C98: =#REF! -> #REF! | P98: 8 | Q98: Дзун-Хемчикский - 8,
C99: =C32+#REF!+#REF!+#REF!+C98 -> #REF! | P99: 6 | Q99: Каа-Хемский - 6,
P100: 9 | Q100: Кызылский - 9,
P101: 6 | Q101: Монгун-Тайгинский - 6,
P102: 4 | Q102: Овюрский - 4,
P103: 6 | Q103: Пий-Хемский - 6,
P104: 6 | Q104: Сут-Хольский - 6,
P105: 6 | Q105: Тандинский - 6,
P106: 6 | Q106: Тес-Хемский - 6,
P107: 4 | Q107: Тоджинский - 4,
...
